 Dungeon Crawl Stone Soup version 0.30-a0-222-ge547ba4400 (webtiles) character file.

Game seed: 15452826433381216213

2298009 sleeves the Slayer (level 27, 172/198 HPs)
             Began as a Djinni Warper on Oct 8, 2022.
             Was the Champion of Hepliaklqana.
             Escaped with the Orb
             ... and 5 runes on Oct 9, 2022!
             The game lasted 03:29:36 (118151 turns).

sleeves the Slayer (Djinni Warper)                Turns: 118151, Time: 03:29:36

Health: 172/198    AC: 21    Str: 10    XL:     27
Gold:   4173       EV: 22    Int: 37    God:    Hepliaklqana [******] SH: 24 Dex: 18

rFire   + + +      SeeInvis .    a - +3 Maxwell's thermic engine {flame, freeze}
rCold   + + +      Faith    .    z - +2 shield of Resistance {rF++ rC++ Will++}
rNeg    + . .      Spirit   .    t - +9 ring mail "Lisihath" {rElec rC+ Int+4}
rPois   ∞          Reflect  +    P - +2 hat
rElec   +          Harm     .    Z - +0 cloak {Stlth+}
rCorr   .          Rampage  .    r - +0 pair of gloves "Qomuh" {Dex+3 Slay+2}
Will    ++++.                    (boots unavailable)
Stlth   ++........               d - amulet of Licoeq {Reflect rC+ SH+5}
HPRegen 0.53/turn                j - ring of Ynamp {rF+ rN+ Int+6}
MPRegen 0.00/turn                b - +4 ring of evasion

@: flying, studying 4 skills
A: reduced essence, sickness immunity, fire resistance 2, cold vulnerability 1,
float, innate caster, HP casting, extra vitality 1, antennae 1
0: Orb of Zot
}: 5/15 runes: decaying, serpentine, slimy, silver, abyssal
a: Renounce Religion, Recall Ancestor, Ancestor Identity, Transference, Idealise


You escaped.
You worshipped Hepliaklqana.
Hepliaklqana was exalted by your worship.
You visited 12 branches of the dungeon, and saw 56 of its levels.
You visited the Abyss 2 times.
You visited 1 bazaar.
You also visited: Trove, Ossuary and Bailey.

You collected 10527 gold pieces.
You spent 6354 gold pieces at shops.

Inventory:

Hand Weapons
 a - the +3 Maxwell's thermic engine (weapon) {flame, freeze}
   (You acquired it on level 1 of the Elven Halls)

   It burns those it strikes, dealing additional fire damage.
   Big, fiery blades are also staple armaments of hydra-hunters.
   It freezes those it strikes, dealing additional cold damage.
   It can also slow down cold-blooded creatures.
   It becomes more effective when it hits something.
   This effect fades over time.
 w - a +9 double sword of distortion
   (You subdued it on level 2 of the Elven Halls)
 B - the +7 Throatcutter {drain, coup de grace}
   (You found it on level 6 of the Dungeon)

   A truly terrible weapon, it drains the life of any living foe it strikes.
   It may instantly kill foes which have little health.
 R - a +3 eudemon blade of holy wrath
   (You took it off a daeva on level 1 of the Abyss)
Missiles
 y - 2 boomerangs of dispersal
 K - 2 throwing nets
Armour
 r - the +0 pair of gloves "Qomuh" (worn) {Dex+3 Slay+2}
   (You found it in a treasure trove)

   Dex:       It affects your dexterity (+3).
   Slay:      It affects your accuracy & damage with ranged weapons and melee
   (+2).
 t - the +9 ring mail "Lisihath" (worn) {rElec rC+ Int+4}
   (You bought it in a shop in a bazaar)

   Int:       It affects your intelligence (+4).
   rC:        It protects you from cold.
   rElec:     It insulates you from electricity.
 z - the +2 shield of Resistance (worn) {rF++ rC++ Will++}
   (You bought it in a shop on level 2 of the Orcish Mines)

   rF:        It greatly protects you from fire.
   rC:        It greatly protects you from cold.
   Will:      It greatly increases your willpower.
 F - the +18 shield of the Gong {rElec rN+ Will+ EV-5}
   (You found it on level 1 of the Snake Pit)

   It is deafeningly noisy when blocking attacks.
   EV:        It affects your evasion (-5).
   rElec:     It insulates you from electricity.
   rN:        It protects you from negative energy.
   Will:      It increases your willpower.
 P - a +2 hat (worn)
   (You took it off Gastronok on level 1 of the Lair of Beasts)
 S - a +2 pair of gloves of hurling
   (You bought it in a shop on level 1 of the Elven Halls)
 Z - a +0 cloak of stealth (worn)
   (You bought it in a shop on level 1 of the Elven Halls)
Jewellery
 b - a +4 ring of evasion (right hand)
   (You found it on level 3 of the Lair of Beasts)
 d - the amulet of Licoeq (around neck) {Reflect rC+ SH+5}
   (You found it in a treasure trove)

   [amulet of reflection]

   It reflects blocked missile attacks.
   rC:        It protects you from cold.
   SH:        It affects your SH (+5).
 j - the ring of Ynamp (left hand) {rF+ rN+ Int+6}
   (You bought it in a shop on level 3 of the Snake Pit)

   [ring of intelligence]

   Int:       It affects your intelligence (+6).
   rF:        It protects you from fire.
   rN:        It protects you from negative energy.
 k - the ring "Mourph" {+Blink rN+ Will+}
   (You found it on level 5 of the Realm of Zot)

   [ring of willpower]

   rN:        It protects you from negative energy.
   +Blink:    It lets you blink.
   Will:      It increases your willpower.
 L - a ring of see invisible
   (You found it on level 11 of the Dungeon)
 N - a ring of resist corrosion
   (You found it on level 11 of the Dungeon)
 O - the amulet "Tenoaluc" {Faith rElec rC+ rCorr Int-2}
   (You took it off a vault guard on level 5 of the Vaults)

   [amulet of faith]

   It allows you to gain divine favour quickly.
   Int:       It affects your intelligence (-2).
   rC:        It protects you from cold.
   rElec:     It insulates you from electricity.
   rCorr:     It protects you from acid and corrosion.
Wands
 h - a wand of roots (68)
   (You found it on level 8 of the Dungeon)
 U - a wand of quicksilver (7)
   (You found it on level 3 of the Lair of Beasts)
 W - a wand of digging (14)
   (You found it on level 5 of the Lair of Beasts)
Scrolls
 c - a scroll of blinking
 f - 5 scrolls of immolation
 l - 26 scrolls of teleportation
 m - a scroll of torment
 o - 13 scrolls of magic mapping
 p - 14 scrolls of poison
 u - 8 scrolls of fear
 D - 3 scrolls of silence
 E - 4 scrolls of brand weapon
 G - 8 scrolls of vulnerability
 J - 4 scrolls of enchant armour
 T - 7 scrolls of fog
Potions
 g - 3 potions of berserk rage
 n - 20 potions of curing
 q - 6 potions of brilliance
 s - 12 potions of lignification
 v - 4 potions of mutation
 C - 6 potions of ambrosia
 H - 5 potions of cancellation
 I - 10 potions of attraction
 M - 3 potions of might
 V - 4 potions of resistance
 Y - 5 potions of invisibility
Miscellaneous
 e - a condenser vane
   (You found it on level 5 of the Pits of Slime)
 i - a box of beasts
   (You found it on level 5 of the Pits of Slime)
 A - a phantom mirror
   (You found it on level 5 of the Vaults)
 Q - a phial of floods
   (You found it on level 3 of the Elven Halls)


   Skills:
 - Level 25.0 Fighting
 - Level 16.0 Long Blades
 - Level 0.7 Throwing
 - Level 10.0 Armour
 - Level 15.0 Dodging
 - Level 15.0 Stealth
 + Level 23.3 Shields
 + Level 23.8 Spellcasting
 - Level 15.0 Invocations


You couldn't memorise any spells.
You knew the following spells:

 Your Spells              Type           Power      Damage    Failure   Level
a - Blink                 Tloc           100%       N/A       0%          2
b - Lesser Beckoning      Tloc           100%       N/A       0%          3
c - Vhi's Electric Charg  Tloc/Air       100%       N/A       0%          3
d - Teleport Other        Tloc           100%       N/A       0%          3
e - Manifold Assault      Tloc           100%       N/A       0%          4
f - Summon Small Mammal   Summ           100%       N/A       0%          1
g - Poisonous Vapours     Pois/Air       100%       N/A       0%          2
h - Searing Ray           Conj           100%       2d8       0%          2
i - Animate Armour        Summ/Erth      100%       N/A       0%          4
j - Lee's Rapid Deconstr  Erth           60%        3d29*     0%          5
k - Irradiate             Conj/Tmut      60%        3d31      0%          5
l - Statue Form           Tmut/Erth      80%        N/A       0%          6
m - Summon Hydra          Summ           60%        N/A       1%          7
n - Orb of Destruction    Conj           60%        9d15      1%          7
o - Spellforged Servitor  Conj/Summ      60%        N/A       1%          7
p - Necromutation         Tmut/Necr      60%        N/A       1%          8
q - Disjunction           Tloc           60%        N/A       1%          8
r - Chain Lightning       Conj/Air       60%        3d80      8%          9
Your spell library was empty.

Dungeon Overview and Level Annotations

Branches:
Dungeon (15/15)            Temple (1/1) D:4            Lair (5/5) D:10
  Swamp (4/4) Lair:2        Snake (4/4) Lair:2        Slime (5/5) Lair:5
    Orc (2/2) D:11            Elf (3/3) Orc:2        Vaults (5/5) D:13
  Crypt (3/3) Vaults:3       Tomb (0/3) Crypt:3      Depths (4/4) D:15
    Zot (5/5) Depths:4    Ossuary (visited)          Bailey (visited)

Altars:
Ashenzari
Cheibriados
Dithmenos
Elyvilon
Fedhas
Gozag
Hepliaklqana
Makhleb
Nemelex Xobeh
Okawaru
Qazlal
Ru
Trog
Uskayaw
Wu Jian
Xom
Yredelemnul
Zin
The Shining One
Jiyva
Lugonu

Shops:
D:1 =   D:8 (?   Orc:2 ([=?*   Elf:1 *[?[   Snake:1 ::=:   Snake:3 =
Snake:4 (   Vaults:3 [   Depths:1 *   Depths:3 **

Portals:
Hell: Depths:1 Depths:2 Depths:3 Depths:4
Abyss: Lair:5 Zot:5 Depths:3 Depths:4
Pandemonium: Depths:1 Depths:2
Ziggurat: Depths:4

Annotations:
D:3 1 runed translucent door, Crazy Yiuf
D:12 exclusion: downstairs
Snake:3 1 runed translucent door, Zicwidai's ghost, journeyman DsFE
Crypt:2 1 transporter
Depths:2 3 runed translucent doors, Lusuiz's ghost, adept SpAK
Depths:3 2 transporters, Lidodu's ghost, adept DDFi
Zot:4 2 transporters, Gofuck's ghost, veteran DgAE


Innate Abilities, Weirdness & Mutations

Your life essence is reduced to manifest your ancestor. (-10% HP)
You are immune to sickness and miasma.
You are immune to poison.
Your flesh is very heat resistant. (rF++)
You are vulnerable to cold. (rC-)
You float through the air rather than walking.
You learn spells naturally, not from books.
Your magical power is your life essence.
You have superior vitality. (+4 MHP)
You have a pair of small antennae on your head.


Message History

Space momentarily warps into an impossible shape!
You slice the Orb Guardian!! You burn the Orb Guardian.
You freeze the Orb Guardian. You slice the Orb Guardian!!
You burn the Orb Guardian. You freeze the Orb Guardian.
Servius closely misses the Orb Guardian.
The Orb Guardian hits Servius!!
Space momentarily warps into an impossible shape!
You closely miss the Orb Guardian. You slash the Orb Guardian!
You burn the Orb Guardian. You freeze the Orb Guardian.
Servius hits the Orb Guardian with a +0 lajatang of freezing.
Servius freezes the Orb Guardian.
The Orb Guardian hits Servius!!
Space momentarily warps into an impossible shape!
You hit the Orb Guardian. You burn the Orb Guardian.
You freeze the Orb Guardian. You barely miss the Orb Guardian.
Servius points at the Orb Guardian and mumbles some strange words.
The bolt of magma hits the Orb Guardian!!
The Orb Guardian dies!
The Orb Guardian hits Servius!!!
Servius is destroyed!
Space momentarily warps into an impossible shape!
You closely miss the Orb Guardian.
Space momentarily warps into an impossible shape!
You hit the Orb Guardian. You burn the Orb Guardian.
You freeze the Orb Guardian.
Space momentarily warps into an impossible shape!
You hit the Orb Guardian. You burn the Orb Guardian.
You freeze the Orb Guardian.
Space momentarily warps into an impossible shape!
You closely miss the Orb Guardian.
Space momentarily warps into an impossible shape!
You slash the Orb Guardian! You burn the Orb Guardian.
You freeze the Orb Guardian. You block the Orb Guardian's attack.
Space momentarily warps into an impossible shape!
You completely miss the Orb Guardian. You block the Orb Guardian's attack.
You block the Orb Guardian's attack. x2
You slash the Orb Guardian! You burn the Orb Guardian.
You kill the Orb Guardian!
You feel your strength returning.
You start resting.
Servius emerges from the mists of memory!
You start resting.
Your transformation is almost over.
You feel yourself come back to life.
HP restored.
You see here a +0 chain mail.
You now have 4173 gold pieces (gained 15).
Found the Orb of Zot.
An Orb Guardian is nearby!
An Orb Guardian is nearby!
Casting: Manifold Assault (safe; 0% risk of failure)
Confirm with . or Enter, or press ? or * to list all spells.
Space momentarily warps into an impossible shape!
You hit the Orb Guardian. You burn the Orb Guardian.
You freeze the Orb Guardian.
Casting: Manifold Assault (safe; 0% risk of failure)
Confirm with . or Enter, or press ? or * to list all spells.
Your body is suffused with negative energy!
The Orb Guardian hits you but does no damage.
You hit the Orb Guardian but do no damage.
You freeze the Orb Guardian.
The Orb Guardian is lightly wounded.
The Orb Guardian misses you.
You closely miss the Orb Guardian.
The Orb Guardian is lightly wounded.
You block the Orb Guardian's attack.
You miss the Orb Guardian.
The Orb Guardian is lightly wounded.
You block the Orb Guardian's attack.
You barely miss the Orb Guardian.
The Orb Guardian is lightly wounded.
The Orb Guardian closely misses you.
You closely miss the Orb Guardian.
The Orb Guardian is lightly wounded.
The Orb Guardian hits you! You block the Orb Guardian's attack.
You hit the Orb Guardian but do no damage.
You freeze the Orb Guardian.
The Orb Guardian is lightly wounded.
You block the Orb Guardian's attack. The Orb Guardian misses you.
Servius casts a spell at the Orb Guardian.
The crystal spear hits the Orb Guardian!!
You slash the Orb Guardian! You burn the Orb Guardian.
You freeze the Orb Guardian.
The Orb Guardian is heavily wounded.
You block the Orb Guardian's attack. The Orb Guardian hits you.
Servius casts a spell at the Orb Guardian.
The crystal spear misses the Orb Guardian.
You slice the Orb Guardian!! You burn the Orb Guardian!
You freeze the Orb Guardian.
You kill the Orb Guardian!
You block the Orb Guardian's attack.
You barely miss the Orb Guardian.
The Orb Guardian hits you but does no damage.
You carve the Orb Guardian like a ham!!!
You burn the Orb Guardian! You freeze the Orb Guardian.
The Orb Guardian is severely wounded.
You block the Orb Guardian's attack.
You hit the Orb Guardian but do no damage.
You freeze the Orb Guardian.
The Orb Guardian is severely wounded.
The Orb Guardian hits you!!
You hit the Orb Guardian. You burn the Orb Guardian.
You freeze the Orb Guardian.
The Orb Guardian is severely wounded.
You block the Orb Guardian's attack.
You hit the Orb Guardian. You burn the Orb Guardian.
You freeze the Orb Guardian.
The Orb Guardian is almost dead.
The Orb Guardian hits you but does no damage.
You closely miss the Orb Guardian.
The Orb Guardian is almost dead.
You block the Orb Guardian's attack.
You closely miss the Orb Guardian.
The Orb Guardian is almost dead.
You block the Orb Guardian's attack.
You chop the Orb Guardian into pieces!!!
You burn the Orb Guardian.
You kill the Orb Guardian!
You see here the Orb of Zot.
You start resting.
A golden dragon comes into view.
A golden dragon is nearby!
You swap places.
Space momentarily warps into an impossible shape!
You hit the golden dragon. You freeze the golden dragon.
The golden dragon breathes cold at you.
The bolt of cold hits Servius!!
Servius resists.
Space momentarily warps into an impossible shape!
You hit the golden dragon but do no damage.
Space momentarily warps into an impossible shape!
You slice the golden dragon!! You burn the golden dragon.
You freeze the golden dragon.
Space momentarily warps into an impossible shape!
You slash the golden dragon! You burn the golden dragon.
You freeze the golden dragon.
Servius casts a spell at the golden dragon.
The crystal spear hits the golden dragon!!
Space momentarily warps into an impossible shape!
You hit the golden dragon. You burn the golden dragon.
The golden dragon bites Servius!
The golden dragon misses Servius.
The golden dragon tramples Servius.
Servius is shoved backwards!
Servius points at the golden dragon and mumbles some strange words.
The bolt of magma hits the golden dragon!!
The golden dragon partially resists.
The golden dragon dies!
The gold dragon scales are intact enough to wear.
Servius gestures at the Orb Guardian while chanting.
The bolt of magma hits the Orb Guardian!!!
Something hits Servius!! x2
An Orb Guardian is nearby!
Casting: Manifold Assault (safe; 0% risk of failure)
Confirm with . or Enter, or press ? or * to list all spells.
Space momentarily warps into an impossible shape!
You hit the Orb Guardian but do no damage.
You freeze the Orb Guardian.
Casting: Manifold Assault (safe; 0% risk of failure)
Confirm with . or Enter, or press ? or * to list all spells.
Space momentarily warps into an impossible shape!
You completely miss the Orb Guardian.
Servius gestures wildly while chanting.
Servius seems to speed up.
An orb of fire comes into view.
Casting: Manifold Assault (safe; 0% risk of failure)
Confirm with . or Enter, or press ? or * to list all spells.
A four-headed hydra appears.
Casting: Summon Hydra (mildly dangerous; 1% risk of failure)
Confirm with . or Enter, or press ? or * to list all spells.
An eight-headed hydra appears.
Hepliaklqana grants Servius healing and protection!
Servius is fully restored!
Servius hits the Orb Guardian with a +0 lajatang of freezing!
Servius freezes the Orb Guardian.
You block the Orb Guardian's attack.
Servius points at the Orb Guardian and mumbles some strange words.
The crystal spear hits the orb of fire!!!
Your four-headed hydra bites the Orb Guardian but does no damage.
Your four-headed hydra misses the Orb Guardian.
Your four-headed hydra barely misses the Orb Guardian.
Your four-headed hydra bites the Orb Guardian!
You are too injured to fight recklessly!
Casting: Summon Hydra (mildly dangerous; 1% risk of failure)
Confirm with . or Enter, or press ? or * to list all spells.
Space momentarily warps into an impossible shape!
You closely miss the orb of fire. You miss the Orb Guardian.
The Orb Guardian hits you!!
* * * LOW HITPOINT WARNING * * *
Casting: Manifold Assault (safe; 0% risk of failure)
Confirm with . or Enter, or press ? or * to list all spells.
Space momentarily warps into an impossible shape!
You slice the Orb Guardian!! You burn the Orb Guardian.
You kill the Orb Guardian!
You miss the orb of fire.
* * * LOW HITPOINT WARNING * * *
Servius hits the orb of fire with a +0 lajatang of freezing!!!!
Your four-headed hydra bites the orb of fire.
Your four-headed hydra bites the orb of fire!
Your four-headed hydra bites the orb of fire.
Your four-headed hydra misses the orb of fire.
The orb of fire glows deep purple.
The bolt of fire hits your four-headed hydra!!!!
Your four-headed hydra dies!
Your four-headed hydra's corpse disappears in a puff of smoke!
The bolt of fire hits you! You resist.
* * * LOW HITPOINT WARNING * * *
Servius hits the orb of fire with a +0 lajatang of freezing!!
The orb of fire is destroyed!
Your eight-headed hydra disappears in a puff of smoke!
You see here a +0 chain mail.
You see here a +0 mace.
Things that are here:
a +0 cloak; +0 gold dragon scales You see here a +0 war axe.
Servius loses the glow of perfection.
You start resting.
Servius is no longer moving quickly.
Your transformation is almost over.
You feel yourself come back to life.
You start resting.
HP restored.
You swap places.
You see here a +0 war axe.
You see here a +2 short sword of speed.
Things that are here:
a +0 cloak; +0 gold dragon scales You see here a +0 mace.
You swap places.
You swap places.
Casting: Manifold Assault (safe; 0% risk of failure)
Confirm with . or Enter, or press ? or * to list all spells.
An eight-headed hydra appears.
Casting: Summon Hydra (mildly dangerous; 1% risk of failure)
Confirm with . or Enter, or press ? or * to list all spells.
An eight-headed hydra appears.
The ancient lich mumbles some strange words.
The ancient lich flickers and vanishes!
Deactivating autopickup; reactivate with Ctrl-A.
Servius mumbles some strange words.
Servius seems to speed up.
No target in view!
You're wearing all the rings you can.
Remove which one? (? for menu, Esc to cancel) < or
j - the ring of Ynamp {rF+ rN+ Int+6} > or
k - the ring "Mourph" {+Blink rN+ Will+} You remove the ring "Mourph" {+Blink rN+ Will+}.
Something touches your eight-headed hydra!!
Reactivating autopickup.
L - a ring of see invisible (right hand) Servius hits the ancient lich with a +0 lajatang of freezing!!
Servius freezes the ancient lich.
Casting: Summon Hydra (mildly dangerous; 1% risk of failure)
Confirm with . or Enter, or press ? or * to list all spells.
Your body is suffused with negative energy!
The ancient lich touches your eight-headed hydra!
You swap places.
Servius hits the ancient lich with a +0 lajatang of freezing.
You block the ancient lich's attack.
Servius hits the ancient lich with a +0 lajatang of freezing!!
Servius freezes the ancient lich.
You slash the ancient lich! You burn the ancient lich.
The ancient lich is almost destroyed.
The ancient lich touches you but does no damage.
Servius barely misses the ancient lich.
You slice the ancient lich!! You burn the ancient lich.
You destroy the ancient lich!
No target in view!
You're wearing all the rings you can.
Remove which one? (? for menu, Esc to cancel) < or
j - the ring of Ynamp {rF+ rN+ Int+6} > or
L - a ring of see invisible You remove your ring of see invisible.
b - a +4 ring of evasion (right hand)
Your eight-headed hydra disappears in a puff of smoke!
Your eight-headed hydra disappears in a puff of smoke!
Servius is no longer moving quickly.
Things that are here:
+0 gold dragon scales; a golden dragon skeleton A Killer Klown is nearby!
You swap places.
Servius gestures wildly while chanting.
Servius seems to speed up.
The Killer Klown karate-kicks Servius with a +9 club of flaming!!
The Killer Klown burns Servius.
You see here the Orb of Zot.
Casting: Necromutation (mildly dangerous; 1% risk of failure)
Confirm with . or Enter, or press ? or * to list all spells.
You don't know that spell.
Space momentarily warps into an impossible shape!
You closely miss the Killer Klown.
Servius hits the Killer Klown with a +0 lajatang of freezing!!
Servius freezes the Killer Klown!
The Killer Klown defenestrates Servius with a +9 club of flaming!!
The Killer Klown burns Servius.
Space momentarily warps into an impossible shape!
You slice the Killer Klown!! You burn the Killer Klown!
You freeze the Killer Klown.
Servius casts a spell at the Killer Klown.
The bolt of magma hits the Killer Klown!
The Killer Klown pies you viciously!
The klown pie misses Servius.
The klown pie hits you!
Blueberry!
An unnatural silence engulfs you.
You cannot cast spells when silenced!
You cannot cast spells when silenced!
A klown pie appears from out of your range of vision.
The klown pie hits Servius!!
Cherry!
Servius looks more vulnerable to fire.
Servius gestures at the Killer Klown while chanting.
The bolt of magma hits the Killer Klown!!!
Something kneecaps Servius!!
Something burns Servius.
Servius barely misses the Killer Klown.
Your hearing returns.
Servius points at the Killer Klown and mumbles some strange words.
The crystal spear misses the Killer Klown.
The Killer Klown pinches Servius with a +9 club of flaming.
The Killer Klown burns Servius.
Servius gestures at the Killer Klown while chanting.
The crystal spear hits the Killer Klown!!!
The Killer Klown dies!
A klown pie appears from out of your range of vision.
The klown pie hits Servius!!
Servius is destroyed!
You start resting.
Your transformation is almost over.
You feel yourself come back to life.
Servius emerges from the mists of memory!
You start waiting.
A golden dragon is nearby!
A golden dragon is nearby!
Unknown command.
Space momentarily warps into an impossible shape!
You closely miss the golden dragon.
Space momentarily warps into an impossible shape!
You slice the golden dragon!! You burn the golden dragon.
You freeze the golden dragon.
Space momentarily warps into an impossible shape!
You closely miss the golden dragon.
Servius mumbles some strange words.
Servius seems to speed up.
Space momentarily warps into an impossible shape!
You slice the golden dragon!! You burn the golden dragon.
You freeze the golden dragon.
Servius hits the golden dragon with a +0 lajatang of freezing!!
Servius freezes the golden dragon.
Space momentarily warps into an impossible shape!
You barely miss the golden dragon.
Servius barely misses the golden dragon.
The golden dragon bites Servius!!
The golden dragon closely misses Servius.
The golden dragon tramples Servius!
Servius holds their ground!
Space momentarily warps into an impossible shape!
You barely miss the golden dragon.
Servius hits the golden dragon with a +0 lajatang of freezing!
Servius freezes the golden dragon.
The golden dragon bites Servius!!
The golden dragon claws Servius but does no damage.
The golden dragon closely misses Servius.
Space momentarily warps into an impossible shape!
You hit the golden dragon but do no damage.
Servius gestures at the golden dragon while chanting.
The crystal spear hits the golden dragon!!!!
The golden dragon dies!
Servius casts a spell at the Killer Klown.
The bolt of magma hits the Killer Klown!!
A Killer Klown is nearby!
A Killer Klown is nearby!
Casting: Manifold Assault (safe; 0% risk of failure)
Confirm with . or Enter, or press ? or * to list all spells.
An eight-headed hydra appears.
The Killer Klown pies you viciously!
The klown pie hits Servius!!!
Cherry!
Servius looks more vulnerable to fire.
Space momentarily warps into an impossible shape!
You slice the Killer Klown!! You burn the Killer Klown.
You freeze the Killer Klown.
The Killer Klown kneecaps Servius with a +10 club of flaming!!
The Killer Klown burns Servius.
Space momentarily warps into an impossible shape!
You slash the Killer Klown! You burn the Killer Klown.
You freeze the Killer Klown.
Servius casts a spell at the Killer Klown.
The bolt of magma hits the Killer Klown!!!
The Killer Klown says to Servius, "Come and play with me!"
The Killer Klown pies you viciously!
The klown pie hits Servius!!
Servius is destroyed!
Space momentarily warps into an impossible shape!
You miss the Killer Klown.
Space momentarily warps into an impossible shape!
You slice the Killer Klown!! You burn the Killer Klown.
You kill the Killer Klown!
Your Shields skill increases to level 23!
Your eight-headed hydra disappears in a puff of smoke!
Servius emerges from the mists of memory!
HP restored.
You see here a +10 club of flaming.
You see here a +9 club of flaming.
You see here +0 gold dragon scales.
An Orb Guardian is nearby!
Space momentarily warps into an impossible shape!
You hit the Orb Guardian. You burn the Orb Guardian.
You freeze the Orb Guardian.
Space momentarily warps into an impossible shape!
You hit the Orb Guardian. You burn the Orb Guardian.
You freeze the Orb Guardian.
Space momentarily warps into an impossible shape!
You slash the Orb Guardian! You burn the Orb Guardian!
You freeze the Orb Guardian.
Space momentarily warps into an impossible shape!
You slice the Orb Guardian!! You burn the Orb Guardian!
You freeze the Orb Guardian.
Space momentarily warps into an impossible shape!
You slash the Orb Guardian! You burn the Orb Guardian.
You kill the Orb Guardian!
You can't see any susceptible monsters within range! (Use Z to cast anyway.)
An orb of fire is nearby!
An orb of fire is nearby!
An orb of fire is nearby!
Casting: Manifold Assault (safe; 0% risk of failure)
Confirm with . or Enter, or press ? or * to list all spells.
Your body is suffused with negative energy!
The orb of fire emits a lurid red light.
The fireball explodes!
The fireball engulfs Servius!!
Servius resists.
Servius gestures at the orb of fire while chanting.
The bolt of magma hits the orb of fire!
The orb of fire partially resists.
Casting: Necromutation (mildly dangerous; 1% risk of failure)
Confirm with . or Enter, or press ? or * to list all spells.
An eight-headed hydra appears.
The orb of fire glows deep purple.
The bolt of fire hits Servius!
Servius resists.
The bolt of fire misses you.
Servius hits the orb of fire with a +0 lajatang of freezing!!
Servius freezes the orb of fire.
Casting: Summon Hydra (mildly dangerous; 1% risk of failure)
Confirm with . or Enter, or press ? or * to list all spells.
An eight-headed hydra appears.
The orb of fire glows bright magenta.
The bolt of fire hits Servius!
Servius resists.
The bolt of fire hits you! You resist.
Servius hits the orb of fire with a +0 lajatang of freezing!!
Servius closely misses the orb of fire.
Servius points at the orb of fire and mumbles some strange words.
The crystal spear hits the orb of fire!!
You swap places.
Servius gestures wildly while chanting.
Servius seems to speed up.
You catch the helpless orb of fire completely off-guard!
You cut the orb of fire into ribbons!!! You freeze the orb of fire.
The orb of fire is almost destroyed.
The orb of fire glows red.
Strange energies course through your body.
Your body decomposes!
You feel clumsy.
Servius misses the orb of fire.
You hit the orb of fire but do no damage.
The orb of fire is almost destroyed.
Servius barely misses the orb of fire.
Your eight-headed hydra closely misses the orb of fire.
Your eight-headed hydra bites the orb of fire! x2
The orb of fire is destroyed!
No target in view!
Your eight-headed hydra disappears in a puff of smoke!
You start resting.
Your eight-headed hydra disappears in a puff of smoke!
Ancestor HP restored.
You start resting.
Servius is no longer moving quickly.
Your transformation is almost over.
HP restored.
m - a scroll of torment You feel yourself come back to life.
T - 7 scrolls of fog (gained 1)
Found a scroll of identify.
An Orb Guardian is nearby!
An Orb Guardian is nearby!
An Orb Guardian is nearby!
An Orb Guardian is nearby!
Space momentarily warps into an impossible shape!
You slash the Orb Guardian! You burn the Orb Guardian.
You freeze the Orb Guardian.
Space momentarily warps into an impossible shape!
You barely miss the Orb Guardian.
The Orb Guardian pulls the alarm!
The alarm trap emits a blaring wail!
A sentinel's mark forms upon you.
Space momentarily warps into an impossible shape!
You barely miss the Orb Guardian.
Servius mumbles some strange words.
Servius seems to speed up.
Space momentarily warps into an impossible shape!
You barely miss the Orb Guardian.
Space momentarily warps into an impossible shape!
You barely miss the Orb Guardian.
Space momentarily warps into an impossible shape!
You slash the Orb Guardian! You burn the Orb Guardian.
You freeze the Orb Guardian.
Servius barely misses the Orb Guardian.
Space momentarily warps into an impossible shape!
You closely miss the Orb Guardian. You block the Orb Guardian's attack.
Space momentarily warps into an impossible shape!
You slash the Orb Guardian! You burn the Orb Guardian.
You freeze the Orb Guardian.
Servius barely misses the Orb Guardian.
You block the Orb Guardian's attack.
Servius misses the Orb Guardian.
Space momentarily warps into an impossible shape!
You slash the Orb Guardian! You burn the Orb Guardian!
You freeze the Orb Guardian. You block the Orb Guardian's attack.
Servius hits the Orb Guardian with a +0 lajatang of freezing!!
Servius freezes the Orb Guardian.
The Orb Guardian dies!
You feel your dexterity returning.
You have finished your manual of Shields and toss it away.
You can't see any susceptible monsters within range! (Use Z to cast anyway.) No target in view!
The sentinel's mark upon you fades away.
Servius is no longer moving quickly.
You swap places.
p - 14 scrolls of poison (gained 1)
f - 5 scrolls of immolation (gained 1) Key pressed, stopping explore.
Done exploring.
Done exploring.
Done exploring.
You swap places.
You see here a +9 club of flaming.
You see here the Orb of Zot.
You pick up the Orb of Zot!
The Orb lets out a hideous shriek!
The lords of Pandemonium are not amused.
Beware!
Now all you have to do is get back out of the dungeon!
Really fly into that permanent teleport trap?
You enter a permanent teleport trap!
Your surroundings suddenly seem different.
Servius is recalled.
There is an open door here.
There is an open door here.
There is a stone staircase leading up here.
You fly upwards.
Level annotation: 2 transporters, Gofuck's ghost, veteran DgAE
There is a stone staircase leading down here.
There is a strange disturbance nearby!
The moth of wrath's fur bristles in rage as it notices you.
The white draconian roars!
The green draconian monk roars!
You hear a roar!
The green draconian roars!
You hear a roar! x4
An Orb Guardian comes into view.
Servius hits the Orb Guardian with a +0 lajatang of freezing!
Servius freezes the Orb Guardian.
The Orb Guardian hits Servius!!
The Orb Guardian misses Servius.
Servius closely misses the Orb Guardian.
Something closely misses Servius.
Something hits Servius!!
Servius's magic leaks into the air.
There is a transporter landing site here.
An Orb Guardian is nearby!
An Orb Guardian is nearby!
Servius points at the Orb Guardian and mumbles some strange words.
The crystal spear hits the Orb Guardian!!!
There is a stone staircase leading up here.
Servius points at the Orb Guardian and mumbles some strange words.
The bolt of magma hits the Orb Guardian!!
Something hits Servius!
Servius's magic leaks into the air.
You fly upwards.
There is a stone staircase leading down here.
Servius is recalled.
HP restored.
There is a stone staircase leading up here.
You fly upwards.
There is a stone staircase leading down here.
A daeva comes into view.
It is wielding a +3 eudemon blade of holy wrath.
You can't go up here!
Casting: Manifold Assault (safe; 0% risk of failure)
Confirm with . or Enter, or press ? or * to list all spells.
A seven-headed hydra appears.
Casting: Summon Hydra (mildly dangerous; 1% risk of failure)
Confirm with . or Enter, or press ? or * to list all spells.
An eight-headed hydra appears.
Servius points at the daeva and mumbles some strange words.
The bolt of magma hits the daeva!!!
The daeva blocks your seven-headed hydra's attack. x2
Your seven-headed hydra bites the daeva!
Your seven-headed hydra bites the daeva. x2
Your seven-headed hydra bites the daeva!
Your seven-headed hydra bites the daeva but does no damage.
You catch the helpless daeva completely off-guard!
You hit the daeva. You burn the daeva. You freeze the daeva.
The daeva is heavily wounded.
Servius points at the daeva and mumbles some strange words.
The bolt of magma hits the daeva!!!
The daeva blocks your attack.
You strike the helpless daeva from behind!
You hit the daeva. You burn the daeva. You freeze the daeva.
The daeva is almost dead.
The daeva hits you with a +3 eudemon blade of holy wrath. x2
Your seven-headed hydra closely misses the daeva.
Your seven-headed hydra bites the daeva.
The daeva dies!
(D) Dungeon (T) Temple (L) Lair (S) Swamp (P) Snake Pit (M) Slime Pits (O) Orcish Mines (E) Elven Halls (V) Vaults (C) Crypt (W) Tomb (U) Depths (H) Hell (Z) Zot
Where to? (Enter - Zot:2 @ (x,y), ? - help)
Your seven-headed hydra disappears in a puff of smoke!
Your eight-headed hydra disappears in a puff of smoke!
A moth of wrath comes into view.
The moth of wrath's fur bristles in rage as it notices you.
You can't go up here!
Servius mumbles some strange words.
Servius seems to speed up.
The moth of wrath bites you but does no damage.
You block the moth of wrath's attack.
You slash the moth of wrath! You burn the moth of wrath.
You freeze the moth of wrath.
The moth of wrath is heavily wounded.
You slice the moth of wrath!! You burn the moth of wrath.
You kill the moth of wrath!
No target in view!
(D) Dungeon (T) Temple (L) Lair (S) Swamp (P) Snake Pit (M) Slime Pits (O) Orcish Mines (E) Elven Halls (V) Vaults (C) Crypt (W) Tomb (U) Depths (H) Hell (Z) Zot
Where to? (Enter - Zot:2 @ (x,y), ? - help)
There is a stone staircase leading up here.
Ancestor HP restored.
You fly upwards.
There is a stone staircase leading down here.
There is an open door here.
You see here a +0 long sword.
A reaper and a demonspawn black sun come into view.
The reaper is wielding a +2 scythe of venom.
The demonspawn black sun is wielding a +2 demon trident of venom.
You can't go up here!
The demonspawn black sun moves out of view.
Servius is no longer moving quickly.
You see here a +0 cloak of preservation.
There is a gate leading back out of this place here.
Servius points at the reaper and mumbles some strange words.
The bolt of magma hits the reaper!!
The reaper closely misses Servius.
You fly up through the gate.
Welcome back to the Depths!
There is a gate to the Realm of Zot, spattered with blood here.
Servius is recalled.
Things that are here:
a +0 scimitar; a +0 dire flail HP restored.
There is an open door, spattered with blood here.
You see here a +0 halberd.
Things that are here:
a +0 cloak; a +0 short sword; a +0 trident
There is an open door here.
There is an escape hatch in the ceiling here.
A mysterious force pulls you upwards. The hatch slams shut behind you.
Level annotation: 2 transporters, Lidodu's ghost, adept DDFi You swap places.
There is a stone staircase leading up here.
You fly upwards.
Level annotation: 3 runed translucent doors, Lusuiz's ghost, adept SpAK
There is a stone staircase leading down here.
You see here +0 fire dragon scales.
A Jakine, a shadow demon and a crimson imp come into view.
Press: ? - help, v - describe, . - travel
Here: Jakine (surrounded by mutagenic energy)
The floor.
Unknown command.
Unknown command.
The crimson imp moves out of view.
Servius is engulfed in mutagenic fog.
Servius hits Jakine with a +0 lajatang of freezing!
Jakine barely misses Servius.
Servius is engulfed in mutagenic fog.
Servius casts a spell at Jakine.
The crystal spear hits Jakine!!!
Servius is engulfed in mutagenic fog.
Servius barely misses Jakine.
Jakine gestures at you.
A raging storm of fire appears!
The great blast of fire engulfs you!!
You partially resist. 7 fire vortices come into view.
You are engulfed in blazing flames.
You resist.
There is a stone staircase leading up here.
You are engulfed in blazing flames.
You resist.
You fly upwards.
There is a stone staircase leading down here.
Servius is recalled.
Unknown command.
You swap places.
There is a staircase back to the Dungeon here.
You fly upwards.
Welcome back to the Dungeon!
There is a staircase to the Depths here.
You swap places.
You see here a +0 pair of gloves.
You see here a staff of death.
There is a stone staircase leading up here.
You fly upwards.
There is a stone staircase leading down here.
There is a stone staircase leading up here.
You fly upwards.
There is a stone staircase leading down here.
A chaos spawn comes into view.
You can't go up here!
Servius casts a spell at the chaos spawn.
The bolt of magma hits the chaos spawn!!!
The chaos spawn dies!
The chaos spawn degenerates into a cloud of primal chaos!
A green death comes into view.
(D) Dungeon (T) Temple (L) Lair (S) Swamp (P) Snake Pit (M) Slime Pits (O) Orcish Mines (E) Elven Halls (V) Vaults (C) Crypt (W) Tomb (U) Depths (H) Hell (Z) Zot
Where to? (Enter - D:13 @ (x,y), ? - help)
Okay, then.
Servius gestures at the green death while chanting.
The crystal spear hits the green death!!!
The green death gestures at Servius.
The poison arrow hits Servius!
Servius partially resists.
Something hits Servius but does no damage.
(D) Dungeon (T) Temple (L) Lair (S) Swamp (P) Snake Pit (M) Slime Pits (O) Orcish Mines (E) Elven Halls (V) Vaults (C) Crypt (W) Tomb (U) Depths (H) Hell (Z) Zot
Where to? (Enter - D:13 @ (x,y), ? - help)
A ynoxinul comes into view.
The ynoxinul bellows!
The ynoxinul gestures.
You block the ufetubus's attack. x2
You block the ufetubus's attack. x4
The ynoxinul gestures.
The ufetubus completely misses you. The ufetubus misses you.
The ufetubus hits you but does no damage.
The ufetubus closely misses you.
You slash the ynoxinul! You burn the ynoxinul. You freeze the ynoxinul.
The ynoxinul is severely wounded.
The ufetubus hits you but does no damage.
You block the ufetubus's attack. x2; The ufetubus misses you.
You slice the ynoxinul!! You burn the ynoxinul.
You kill the ynoxinul!
The ufetubus disappears in a puff of smoke! x6
Servius completely misses the green death.
Something hits Servius!!
A sun demon comes into view.
Servius barely misses the sun demon.
There is a stone staircase leading up here.
Things that are here:
a +0 shortbow; a +0 shortbow You fly upwards.
Level annotation: exclusion: downstairs
There is a stone staircase leading down here.
An Executioner comes into view.
You can't go up here!
The Executioner gestures.
The Executioner seems to speed up.
There is a stone staircase leading up here.
The Executioner completely misses you. You block the Executioner's attack. x2
The Executioner hits you! The Executioner closely misses you.
The Executioner hits you but does no damage.
The Executioner barely misses you. You block the Executioner's attack.
The Executioner hits you.
You fly upwards.
There is a stone staircase leading down here.
Servius is recalled.
You block the Executioner's attack.
The Executioner hits you but does no damage. x2
You block the Executioner's attack. x2
The Executioner hits you but does no damage.
The Executioner closely misses you.
The Executioner hits you but does no damage.
The Executioner hits you.
Okay, then.
You hit the Executioner but do no damage.
You block the Executioner's attack. x2; The Executioner hits you.
You block the Executioner's attack. The Executioner hits you!
You block the Executioner's attack.
You closely miss the Executioner. You block the Executioner's attack. x2
The Executioner hits you but does no damage.
Servius casts a spell at the Executioner.
The bolt of magma hits the Executioner!
The Executioner partially resists.
You block the Executioner's attack. The Executioner barely misses you.
The Executioner hits you.
You hit the Executioner but do no damage.
The Executioner is moderately wounded.
You block the Executioner's attack. x2
The Executioner hits you but does no damage.
You block the Executioner's attack. The Executioner barely misses you.
You block the Executioner's attack.
Servius hits the Executioner with a +0 lajatang of freezing!!
Servius freezes the Executioner!
You hit the Executioner. You freeze the Executioner.
The Executioner is almost dead.
You block the Executioner's attack. The Executioner hits you.
You block the Executioner's attack. The Executioner misses you.
The Executioner completely misses you. You block the Executioner's attack.
Servius gestures at the Executioner while chanting.
The bolt of magma hits the Executioner!!
The Executioner partially resists.
The Executioner dies!
No target in view!
(D) Dungeon (T) Temple (L) Lair (S) Swamp (P) Snake Pit (M) Slime Pits (O) Orcish Mines (E) Elven Halls (V) Vaults (C) Crypt (W) Tomb (U) Depths (H) Hell (Z) Zot
Where to? (Enter - D:12 @ (x,y), ? - help)
There is a stone staircase leading up here.
You fly upwards.
There is a stone staircase leading down here.
(D) Dungeon (T) Temple (L) Lair (S) Swamp (P) Snake Pit (M) Slime Pits (O) Orcish Mines (E) Elven Halls (V) Vaults (C) Crypt (W) Tomb (U) Depths (H) Hell (Z) Zot
Where to? (Enter - D:10, ? - help) HP restored.
There is a stone staircase leading up here.
You fly upwards.
There is a stone staircase leading down here.
(D) Dungeon (T) Temple (L) Lair (S) Swamp (P) Snake Pit (M) Slime Pits (O) Orcish Mines (E) Elven Halls (V) Vaults (C) Crypt (W) Tomb (U) Depths (H) Hell (Z) Zot
Where to? (Enter - D:9, ? - help)
There is a stone staircase leading up here.
You fly upwards.
There is a stone staircase leading down here.
(D) Dungeon (T) Temple (L) Lair (S) Swamp (P) Snake Pit (M) Slime Pits (O) Orcish Mines (E) Elven Halls (V) Vaults (C) Crypt (W) Tomb (U) Depths (H) Hell (Z) Zot
Where to? (Enter - D:8, ? - help)
You swap places.
A great orb of eyes comes into view.
The great orb of eyes closely misses you.
You slice the great orb of eyes!! You burn the great orb of eyes!
You freeze the great orb of eyes.
The great orb of eyes is severely wounded.
You slash the great orb of eyes! You burn the great orb of eyes.
You freeze the great orb of eyes.
You kill the great orb of eyes!
No target in view!
(D) Dungeon (T) Temple (L) Lair (S) Swamp (P) Snake Pit (M) Slime Pits (O) Orcish Mines (E) Elven Halls (V) Vaults (C) Crypt (W) Tomb (U) Depths (H) Hell (Z) Zot
Where to? (Enter - D:7, ? - help)
There is a stone staircase leading up here.
You fly upwards.
There is a stone staircase leading down here.
(D) Dungeon (T) Temple (L) Lair (S) Swamp (P) Snake Pit (M) Slime Pits (O) Orcish Mines (E) Elven Halls (V) Vaults (C) Crypt (W) Tomb (U) Depths (H) Hell (Z) Zot
Where to? (Enter - D:7, ? - help)
There is a stone staircase leading up here.
You fly upwards.
There is a stone staircase leading down here.
(D) Dungeon (T) Temple (L) Lair (S) Swamp (P) Snake Pit (M) Slime Pits (O) Orcish Mines (E) Elven Halls (V) Vaults (C) Crypt (W) Tomb (U) Depths (H) Hell (Z) Zot
Where to? (Enter - D:6, ? - help)
There is a stone staircase leading up here.
You fly upwards.
There is a stone staircase leading down here.
(D) Dungeon (T) Temple (L) Lair (S) Swamp (P) Snake Pit (M) Slime Pits (O) Orcish Mines (E) Elven Halls (V) Vaults (C) Crypt (W) Tomb (U) Depths (H) Hell (Z) Zot
Where to? (Enter - D:5, ? - help)
There is a stone staircase leading up here.
You fly upwards.
An Orb Guardian comes into view.
There is a stone staircase leading down here.
(D) Dungeon (T) Temple (L) Lair (S) Swamp (P) Snake Pit (M) Slime Pits (O) Orcish Mines (E) Elven Halls (V) Vaults (C) Crypt (W) Tomb (U) Depths (H) Hell (Z) Zot
Where to? (Enter - D:4, ? - help)
An Orb Guardian is nearby!
Servius points at the Orb Guardian and mumbles some strange words.
The crystal spear hits the Orb Guardian!!!
The Orb Guardian hits you but does no damage.
You slash the Orb Guardian! You burn the Orb Guardian.
You freeze the Orb Guardian.
The Orb Guardian is severely wounded.
The Orb Guardian hits you but does no damage.
You slash the Orb Guardian! You burn the Orb Guardian.
You freeze the Orb Guardian.
The Orb Guardian is almost dead.
You block the Orb Guardian's attack.
You barely miss the Orb Guardian.
The Orb Guardian is almost dead.
You block the Orb Guardian's attack.
You slash the Orb Guardian! You burn the Orb Guardian.
You kill the Orb Guardian!
(D) Dungeon (T) Temple (L) Lair (S) Swamp (P) Snake Pit (M) Slime Pits (O) Orcish Mines (E) Elven Halls (V) Vaults (C) Crypt (W) Tomb (U) Depths (H) Hell (Z) Zot
Where to? (Enter - D:3, ? - help)
There is a stone staircase leading up here.
You fly upwards.
Level annotation: 1 runed translucent door, Crazy Yiuf
There is a stone staircase leading down here.
(D) Dungeon (T) Temple (L) Lair (S) Swamp (P) Snake Pit (M) Slime Pits (O) Orcish Mines (E) Elven Halls (V) Vaults (C) Crypt (W) Tomb (U) Depths (H) Hell (Z) Zot
Where to? (Enter - D:3, ? - help)
You swap places.
Things that are here:
a +0 club; a +0 sling
There is an escape hatch in the floor here.
There is a stone staircase leading down here.
There is a stone staircase leading down here.
You see here a book of Vapours.
Things that are here:
a +0 club; a +0 dagger
There is a stone staircase leading up here.
You fly upwards.
There is a stone staircase leading down here.
(D) Dungeon (T) Temple (L) Lair (S) Swamp (P) Snake Pit (M) Slime Pits (O) Orcish Mines (E) Elven Halls (V) Vaults (C) Crypt (W) Tomb (U) Depths (H) Hell (Z) Zot
Where to? (Enter - D:2, ? - help)
An Orb Guardian comes into view.
You slice the Orb Guardian!! You burn the Orb Guardian.
You freeze the Orb Guardian.
The Orb Guardian is heavily wounded.
You block the Orb Guardian's attack.
You barely miss the Orb Guardian.
The Orb Guardian is heavily wounded.
You block the Orb Guardian's attack.
You hit the Orb Guardian. You burn the Orb Guardian.
You freeze the Orb Guardian.
The Orb Guardian is severely wounded.
You block the Orb Guardian's attack.
You slice the Orb Guardian!! You burn the Orb Guardian.
You kill the Orb Guardian!
(D) Dungeon (T) Temple (L) Lair (S) Swamp (P) Snake Pit (M) Slime Pits (O) Orcish Mines (E) Elven Halls (V) Vaults (C) Crypt (W) Tomb (U) Depths (H) Hell (Z) Zot
Where to? (Enter - D:1, ? - help)
There is a stone staircase leading up here.
You fly upwards.
There is a stone staircase leading down here.
You swap places.
An Executioner comes into view.
The Executioner moves out of view.
There is a stone staircase leading down here.
Aiming: Dig
Press: ? - help, Shift-Dir - straight line A rock wall.
This square is covered in magical glow.
The rock shatters into small pieces.
The Executioner gestures.
The Executioner seems to speed up.
The Executioner hits Servius but does no damage. x2
The Executioner hits Servius.
The Executioner hits Servius but does no damage.
The Executioner hits Servius!
The Executioner hits Servius.
Servius hits the Executioner with a +0 lajatang of freezing!
Servius freezes the Executioner.
The Executioner hits Servius!
The Executioner hits Servius but does no damage.
The Executioner barely misses Servius.
The Executioner hits Servius but does no damage.
The Executioner misses Servius.
The Executioner hits Servius.
The Executioner hits Servius but does no damage.
The Executioner hits Servius. x2; Servius closely misses the Executioner.
The Executioner hits Servius but does no damage. x2
The Executioner barely misses Servius.
Something hits Servius!
Something barely misses Servius.
Something hits Servius but does no damage.
Something hits Servius!!
Something hits Servius but does no damage. x2
Servius gestures wildly while chanting.
Servius seems to speed up.
You block the Executioner's attack. The Executioner barely misses you.
You block the Executioner's attack. x2; The Executioner closely misses you.
The Executioner hits you.
You slice the Executioner!! You freeze the Executioner.
The Executioner is heavily wounded.
You block the Executioner's attack. The Executioner closely misses you.
You block the Executioner's attack. x2; The Executioner completely misses you.
The Executioner barely misses you.
You hit the Executioner. You burn the Executioner. You freeze the Executioner.
The Executioner is heavily wounded.
You block the Executioner's attack. x2; The Executioner misses you.
You block the Executioner's attack. The Executioner barely misses you.
The Executioner hits you.
You slash the Executioner! You burn the Executioner.
The Executioner is severely wounded.
You block the Executioner's attack. x2; The Executioner hits you.
The Executioner misses you. The Executioner hits you.
The Executioner completely misses you.
You slash the Executioner! You burn the Executioner.
You freeze the Executioner.
The Executioner is almost dead.
You block the Executioner's attack. x3
The Executioner hits you but does no damage.
The Executioner hits you. You block the Executioner's attack.
You closely miss the Executioner.
The Executioner is almost dead.
The Executioner hits you! You block the Executioner's attack. x2
Servius casts a spell at the Executioner.
The crystal spear hits the Executioner!
The Executioner dies!
There is a staircase leading out of the dungeon here.
You can't go down here!
Unknown command.
You have escaped!

#.#.##...#.#.#.#.#.#.#.#...#
..#.##.##...............####
..#.##.#.....[....#......#
..#.##.##.......#.......##
..#.#..#......#....#.....#
..1..>.##...#...........##
###.###...#...#.#.#.#....#
..#.# ###...............##
..#.# #...#..#R@.#..#...#
..#.# ##...............##
..#.# #....#.#.#.#...#..#
..#.# ##.........[.#...##
.##.# #.....#....#......#
....# ##.......#.......##
##### #......#..........# #
####...............#### #
##...#.#.#.#.#.#.#.#...#


You could see the friendly Servius the battlemage (fast).

Vanquished Creatures
  the Royal Jelly (Slime:5)
  Khufu (Crypt:3)
  3 orbs of fire
  An ancient lich (Zot:5)
  4 Killer Klowns
  Saint Roka (Vaults:2)
  Margery (Vaults:2)
  4 golden dragons
  3 bone dragons
  A walking crystal tome (Depths:2)
  8 tentacled monstrosities
  Rupert (D:13)
  A walking earthen tome (Depths:4)
  A lich (Depths:3)
  Asterion (Vaults:1)
  A deep elf master archer (Elf:3)
  Frances (Snake:1)
  2 titans
  18 Orb Guardians
  2 deep elf blademasters (Elf:3)
  4 quicksilver dragons
  12 acid blobs
  5 ancient champions
  3 tentacled starspawn (Abyss:3)
  Gastronok (Lair:1)
  2 thorn hunters (Swamp:2)
  7 death cobs
  7 sphinxes
  8 shadow dragons
  6 storm dragons
  A tengu reaver (Vaults:4)
  A fenstrider witch (Swamp:4)
  2 revenants
  9 rockslimes
  6 frost giants
  5 nagarajas (Snake:4)
  5 draconian monks
  2 daevas
  5 azure jellies
  3 fire giants
  3 deep elf sorcerers
  11 vault wardens
  6 draconian knights
  A curse skull (Crypt:1)
  5 draconian shifters
  2 deep elf elementalists
  6 draconian scorchers
  3 iron dragons
  5 draconian stormcallers
  A caustic shrike zombie (Abyss:3)
  4 draconian annihilators
  10 quicksilver oozes
  2 ghouls (Crypt:2)
  10 ironbound preservers
  A war gargoyle (Vaults:2)
  16 very ugly things
  A juggernaut zombie (Abyss:1)
  9 stone giants
  A juggernaut skeleton (Depths:3)
  10 white draconians
  A lorocyproca (Abyss:3)
  An ironbound thunderhulk (Vaults:2)
  A vampire knight (Depths:4)
  8 deep elf demonologists
  A deep elf annihilator (Elf:2)
  2 bunyips
  10 green draconians
  2 eleionomae
  8 dire elephants
  16 purple draconians
  9 yellow draconians
  6 spark wasps
  10 red draconians
  8 black draconians
  6 deep elf death magi
  5 fire dragons
  A mummy priest (Crypt:3)
  7 ettins
  Josephine (D:12)
  2 nameless horrors
  3 eidola
  14 jiangshi
  26 vault guards
  2 deep elf high priests (Elf:3)
  10 great orbs of eyes
  A spriggan zombie (Depths:3)
  A rakshasa (Depths:3)
  6 yaktaur captains
  An ice dragon (shapeshifter) (Vaults:2)
  Fannar (Lair:2)
  A salamander tyrant (Snake:3)
  A catoblepas (Lair:5)
  A hell beast (Depths:1)
  5 ogre magi
  7 ice dragons
  11 hydras
  A juggernaut simulacrum (Depths:2)
  A ghost crab (Swamp:3)
  A spriggan skeleton (Crypt:2)
  4 death knights
  16 anacondas
  9 alligators
  7 centaur warriors
  4 boulder beetles
  5 ironbound frosthearts
  8 death yaks
  15 two-headed ogres
  A deep troll earth mage (Depths:1)
  8 naga sharpshooters
  8 naga warriors
  17 dancing weapons
  4 tengu warriors
  3 spriggan berserkers (Depths:3)
  2 vampire magi
  2 deep troll shamans
  4 thrashing horrors
  4 shock serpents
  2 soul eaters
  10 hell knights
  20 deep elf knights
  14 skeletal warriors
  An iron troll (Depths:3)
  2 salamander mystics (Snake:4)
  A shadow wraith (Vaults:2)
  5 wretched stars
  5 goliath frogs
  4 sixfirhies
  5 spriggan druids
  4 flayed ghosts
  4 naga ritualists
  5 wizards
  A spatial maelstrom (Abyss:3)
  14 necromancers
  26 deep trolls
  4 swamp dragons
  4 glowing orange brains
  3 harpies (Vaults:2)
  A tengu zombie (Depths:2)
  8 lindwurms
  A broodmother zombie (Crypt:2)
  10 deep elf archers
  3 bog bodies
  8 phantasmal warriors
  20 ironbound convokers
  3 orc knights (Vaults:3)
  18 deep elf pyromancers
  An iron dragon zombie (Depths:1)
  2 orc sorcerers
  10 mana vipers
  2 will-o-the-wisps
  8 salamanders
  5 shining eyes
  36 ugly things
  An oklob plant (Lair:5)
  3 manticores
  22 deep elf zephyrmancers
  2 cyclopes
  2 cyclopes (shapeshifter) (Vaults:3)
  11 large abominations
  27 moths of wrath
  An elephant (Lair:1)
  A worldbinder (Abyss:3)
  A frost giant skeleton (Depths:1)
  25 black mambas
  An iron dragon skeleton (Depths:2)
  7 guardian serpents
  2 eyes of devastation
  2 titan simulacra
  An alligator snapping turtle zombie (Abyss:3)
  An apocalypse crab (Abyss:1)
  18 vault sentinels
  9 naga magi
  7 orange demons
  5 smoke demons
  A catoblepas zombie (Crypt:1)
  A naga skeleton (Crypt:2)
  8 cane toads
  An elephant slug zombie (Crypt:1)
  7 komodo dragons
  15 yaktaurs
  An unseen horror (D:13)
  16 starcursed masses
  2 rime drakes
  A white draconian zombie (Crypt:1)
  A hellion (Abyss:1)
  A kobold demonologist (D:11)
  An ice devil (Abyss:3)
  A hellwing (Swamp:4)
  An ancient zyme (Lair:5)
  7 freezing wraiths
  6 guardian mummies
  3 tengu conjurers
  A red devil (Depths:1)
  4 trolls
  An unseen horror skeleton (Crypt:1)
  4 polar bears
  3 harpy zombies
  A bloated husk (Swamp:4)
  6 hornets
  Prince Ribbit (D:7)
  A sphinx simulacrum (Depths:1)
  9 tyrant leeches
  2 raiju
  11 blink frogs
  94 slime creatures
  A raiju (shapeshifter) (D:13)
  7 dream sheep (Lair:3)
  A centaur simulacrum (Crypt:2)
  A snapping turtle (shapeshifter) (Abyss:3)
  3 water elementals
  5 shadows
  3 air elementals
  5 spriggans
  44 flying skulls (Crypt:3)
  A fire dragon skeleton (Crypt:2)
  A vampire (D:13)
  12 wraiths
  3 ynoxinuls
  A dire elephant simulacrum (Crypt:3)
  29 yaks
  3 wyverns
  A fire elemental (Elf:1)
  An ettin skeleton (Crypt:2)
  2 hogs (D:12)
  A yak (shapeshifter) (D:13)
  7 basilisks
  A basilisk (shapeshifter) (Vaults:5)
  5 chaos spawn
  8 golden eyes
  4 neqoxecs
  A steam dragon (D:5)
  Menkaure (D:7)
  4 wargs
  A glowing shapeshifter zombie (Vaults:1)
  A spatial vortex (Abyss:3)
  4 vampire mosquitoes
  A harpy simulacrum (Crypt:3)
  15 swamp worms
  38 nagas
  An acid dragon (D:10)
  10 water moccasins
  An ogre zombie (Vaults:1)
  A floating eye (shapeshifter) (Vaults:5)
  16 orc warriors
  14 small abominations
  An ice beast (D:7)
  6 black bears
  4 swamp drakes (Swamp:2)
  A sky beast (D:8)
  A black mamba simulacrum (Abyss:1)
  23 ogres
  11 centaurs
  11 wolves
  3 phantoms
  An elf zombie (Ossuary)
  2 kobold brigands
  5 bullfrogs
  An earth elemental (Elf:1)
  3 necrophages
  A human skeleton (Vaults:1)
  A human simulacrum (Vaults:1)
  5 scorpions
  A killer bee (D:9)
  A warg skeleton (Crypt:1)
  3 howler monkeys (D:9)
  A swamp dragon simulacrum (Crypt:1)
  3 electric eels (Bailey)
  A crimson imp (D:7)
  A centaur zombie (Ossuary)
  3 quasits
  2 hounds (D:5)
  6 human zombies
  A jelly (D:4)
  3 gnoll boudas
  15 orc priests
  Natasha (thrice) (D:3)
  2 iguanas
  14 orc wizards
  A hound zombie (Ossuary)
  3 mummies (Ossuary)
  4 gnolls
  A steam dragon zombie (Crypt:1)
  A swamp drake zombie (Crypt:2)
  9 adders
  A shadow imp (D:6)
  6 white imps
  An ufetubus (D:7)
  3 adder zombies (Ossuary)
  A worm (D:5)
  A dart slug (D:5)
  56 orcs
  3 endoplasms
  4 giant cockroaches
  17 goblins
  6 hobgoblins
  11 kobolds
  A quokka (D:2)
  6 ball pythons
  3 bats
  3 frilled lizards
  2 goblin zombies (Ossuary)
  A hobgoblin zombie (Ossuary)
  A jackal zombie (Ossuary)
  A kobold skeleton (Crypt:1)
  3 kobold zombies (Ossuary)
  3 orc zombies (Ossuary)
  3 quokka zombies (Ossuary)
  5 rats
  5 rat zombies (Ossuary)
  2 lurking horrors
  6 starspawn tentacles (Abyss:3)
1781 creatures vanquished.

Vanquished Creatures (collateral kills)
  3 ancient liches
  4 dread liches
  9 orbs of fire
  3 juggernauts
  A Killer Klown (Zot:5)
  Bai Suzhen (Snake:4)
  A curse toe (Zot:3)
  9 golden dragons
  A bone dragon (Zot:3)
  A profane servitor (Crypt:3)
  2 electric golems (Zot:5)
  16 tentacled monstrosities
  9 Orb Guardians (Zot:5)
  6 liches
  A deep elf blademaster (Elf:2)
  The ghost of HypermagicGuardian the Slayer, an adept MiFi of Gozag (Swamp:4)
  3 titans
  3 quicksilver dragons
  A deep elf master archer (Elf:3)
  5 death cobs
  7 tentacled starspawn
  2 Executioners
  12 acid blobs
  2 sphinxes (Vaults:5)
  2 ancient champions
  5 shadow dragons
  Kirke (D:12)
  2 thorn hunters (Swamp:4)
  2 draconian monks
  A tengu reaver (Vaults:5)
  5 storm dragons
  6 azure jellies
  2 revenants
  7 rockslimes
  2 nagarajas (Snake:4)
  2 fenstrider witches (Swamp:4)
  A daeva (Zot:2)
  A fire giant (Depths:2)
  2 frost giants
  Aizul (Elf:3)
  4 draconian knights
  A deep elf sorcerer (Elf:1)
  2 ghost moths
  8 vault wardens
  Louise (D:14)
  3 draconian scorchers
  2 draconian shifters
  2 iron dragons
  10 ghouls
  2 draconian stormcallers
  An orc warlord (Vaults:3)
  A quicksilver ooze (Slime:1)
  4 ironbound preservers
  A reaper (Swamp:4)
  A quicksilver ooze (shapeshifter) (Vaults:5)
  2 ironbound thunderhulks (Vaults:3)
  11 very ugly things
  6 stone giants
  5 vampire knights
  A lorocyproca (Abyss:3)
  8 green draconians
  A deep elf demonologist (Vaults:5)
  7 black draconians
  4 eleionomae
  10 dire elephants
  6 yellow draconians
  A bunyip (Swamp:2)
  4 purple draconians
  6 red draconians
  9 white draconians
  2 spark wasps
  4 eidola
  A mummy priest (Crypt:3)
  4 ettins
  7 deep elf death magi
  A green death (Swamp:4)
  2 fire dragons
  A shambling mangrove (Swamp:3)
  3 yaktaur captains
  3 great orbs of eyes
  3 vault guards
  10 jiangshi
  An ice dragon (Zot:3)
  A ghost crab (Swamp:3)
  11 hydras
  2 boulder beetles
  A rakshasa (Abyss:3)
  5 anacondas
  A peacekeeper (Vaults:2)
  2 spriggan air magi
  3 two-headed ogres
  5 ogre magi
  6 ironbound frosthearts
  15 dancing weapons
  4 alligators
  2 death knights (Crypt:3)
  5 centaur warriors
  7 naga warriors
  A spriggan berserker (Depths:4)
  3 vampire magi (Crypt:1)
  5 death yaks
  4 thrashing horrors
  3 naga sharpshooters
  An orc high priest (Bailey)
  2 tengu warriors
  4 hell knights
  4 shock serpents
  10 spriggans
  6 wretched stars
  8 deep elf knights
  A salamander mystic (Snake:3)
  10 skeletal warriors
  2 iron trolls (Depths:2)
  3 soul eaters (Zot:3)
  A shadow wraith (Crypt:2)
  A storm dragon zombie (Crypt:2)
  2 sixfirhies
  A goliath frog (Swamp:1)
  2 bunyip zombies
  A golden dragon zombie (Depths:3)
  16 deep trolls
  A storm dragon skeleton (Crypt:2)
  2 glowing orange brains
  A death drake (Swamp:2)
  2 flayed ghosts
  4 spriggan druids
  4 naga ritualists
  An orb spider (shapeshifter) (Depths:3)
  2 bog bodies (Swamp:2)
  4 swamp dragons
  2 orc knights
  7 ironbound convokers
  A shadow dragon zombie (Depths:2)
  A bunyip skeleton (Crypt:1)
  12 deep elf zephyrmancers
  5 phantasmal warriors
  3 wizards
  3 deep elf archers
  A harpy (shapeshifter) (D:15)
  A wolf spider (Vaults:5)
  14 deep elf pyromancers
  2 lindwurms
  A necromancer (Vaults:1)
  A fenstrider witch simulacrum (Crypt:3)
  15 ugly things
  A cyclops (D:12)
  5 mana vipers
  2 orc sorcerers
  2 shadow dragon skeletons
  A will-o-the-wisp (Swamp:2)
  A manticore (D:15)
  20 slime creatures
  4 worldbinders
  4 moths of wrath
  3 salamanders
  A tengu skeleton (Depths:3)
  A shining eye (Slime:5)
  2 frost giant skeletons
  2 elephants (Lair:1)
  15 black mambas
  3 guardian serpents
  A vault sentinel (Vaults:5)
  An eye of devastation (shapeshifter) (Depths:4)
  An orange demon (Swamp:4)
  4 smoke demons
  4 naga magi
  An apocalypse crab (Abyss:3)
  2 cane toads
  A dire elephant skeleton (Crypt:2)
  An efreet (Abyss:3)
  2 rime drakes
  An iron troll zombie (Crypt:1)
  5 komodo dragons
  2 unseen horrors
  2 yaktaurs
  4 freezing wraiths
  8 hellwings
  2 ancient zymes
  4 guardian mummies (Crypt:3)
  A red draconian skeleton (Crypt:2)
  2 trolls
  A bloated husk (Swamp:4)
  4 tyrant leeches
  2 human skeletons (Vaults:2)
  A harpy zombie (Crypt:2)
  A human zombie (Vaults:2)
  A wolf spider simulacrum (D:15)
  3 nameless horrors (Swamp:4)
  9 hornets
  7 raiju
  7 blink frogs
  A dream sheep (shapeshifter) (Vaults:5)
  A centaur simulacrum (D:14)
  2 shadows
  9 flying skulls
  2 vampires (Abyss:3)
  7 wraiths
  3 wyverns
  An ettin skeleton (Abyss:3)
  8 yaks
  2 air elementals (Elf:2)
  2 ynoxinuls
  A fire elemental (Elf:2)
  3 water elementals
  3 golden eyes
  A hog (D:12)
  3 basilisks
  7 chaos spawn
  2 human simulacra
  6 neqoxecs
  2 spatial vortices (Abyss:3)
  3 vampire mosquitoes (D:15)
  2 swamp worms
  10 nagas
  5 water moccasins
  13 large abominations
  A hell hound (Abyss:3)
  A black bear (Lair:1)
  12 orc warriors
  8 starcursed masses
  7 ogres
  2 centaurs
  3 wolves
  2 necrophages (Crypt:3)
  4 bullfrogs
  A water moccasin zombie (Crypt:2)
  An elf zombie (Ossuary)
  17 small abominations
  A wight (Abyss:3)
  2 killer bees (D:9)
  4 electric eels
  3 quasits
  3 orc priests
  2 iron imps
  4 orc wizards
  9 gnolls
  A white imp (Abyss:1)
  An ufetubus (Abyss:1)
  2 adder zombies (Ossuary)
  11 orcs
  6 goblins
  4 hobgoblins (Bailey)
  A hobgoblin zombie (Ossuary)
  2 kobolds (D:9)
  2 quokka zombies (Ossuary)
  3 lurking horrors
  5 starspawn tentacles
938 creatures vanquished.

Vanquished Creatures (others)
  A goliath frog (Swamp:4)
  A bloated husk (Swamp:4)
  A harpy skeleton (Abyss:3)
  3 golden eyes (Abyss:1)
  69 battlemagi
  3 ancestors (D:7)
  8 foxfires
  33 fungi
  2 lurking horrors (Abyss:3)
  36 plants
  17 starspawn tentacles
174 creatures vanquished.

Grand Total: 2893 creatures vanquished

Notes
Turn   | Place    | Note
-------+----------+-------------------------------------------
     0 | D:1      | sleeves the Djinni Warper began the quest for the Orb.
     0 | D:1      | sleeves set off with the following spells memorised: Blink,
                  | Lesser Beckoning, Vhi's Electric Charge, Teleport Other,
                  | Manifold Assault.
     0 | D:1      | Reached XP level 1. HP: 18/18 MP: 0/0
   109 | D:1      | Reached skill level 2 in Long Blades
   239 | D:1      | Found Soxe's Jewellery Emporium.
   456 | D:1      | Reached XP level 2. HP: 23/23 MP: 0/0
   490 | D:1      | Found a faded altar of an unknown god.
   826 | D:2      | HP: 9/23 [kobold/+0 dagger of freezing (3)]
   920 | D:2      | Reached skill level 3 in Long Blades
   920 | D:2      | Reached XP level 3. HP: 20/28 MP: 0/0
   920 | D:2      | Learned a level 1 spell: Summon Small Mammal
  1602 | D:2      | Reached XP level 4. HP: 31/33 MP: 0/0
  1820 | D:3      | Noticed a scorpion
  1845 | D:2      | HP: 16/33 [orc/+0 club (2)]
  2150 | D:3      | Found a stormy altar of Qazlal.
  2512 | D:3      | Found a hide-covered altar of Uskayaw.
  2534 | D:3      | Noticed Natasha
  2720 | D:3      | Killed a scorpion
  2721 | D:3      | Reached skill level 4 in Long Blades
  2721 | D:3      | Reached skill level 3 in Spellcasting
  2721 | D:3      | Reached XP level 5. HP: 26/38 MP: 0/0
  2721 | D:3      | Learned a level 2 spell: Poisonous Vapours
  2779 | D:3      | Found a runed translucent door.
  2780 | D:3      | Noticed Crazy Yiuf
  2873 | D:4      | Found a burning altar of Makhleb.
  3022 | D:3      | Killed Natasha
  3023 | D:3      | Reached XP level 6. HP: 28/43 MP: 0/0
  3124 | D:3      | Noticed Natasha
  3133 | D:3      | Killed Natasha
  3194 | D:3      | Noticed Natasha
  3243 | D:3      | Killed Natasha
  3595 | D:4      | Found a staircase to the Ecumenical Temple.
  3613 | Temple   | Entered the Ecumenical Temple
  3641 | Temple   | Became a worshipper of Hepliaklqana the Forgotten
  3690 | D:4      | HP: 18/43 [iguana (5)]
  3695 | D:4      | Reached skill level 4 in Spellcasting
  4060 | D:4      | Reached skill level 5 in Long Blades
  4060 | D:4      | Reached XP level 7. HP: 35/49 MP: 0/0
  4060 | D:4      | Learned a level 2 spell: Searing Ray
  4142 | D:5      | Entered Level 5 of the Dungeon
  4237 | D:5      | HP: 19/49 [white imp (6)]
  4239 | D:5      | HP: 9/49 [white imp (1)]
  4509 | D:5      | HP: 21/49 [white imp/puff of frost (9)]
  4521 | D:5      | HP: 22/49 [orc wizard/puff of flame (1)]
  5088 | D:5      | Reached XP level 8. HP: 43/54 MP: 0/0
  5134 | D:5      | Found a glowing golden altar of the Shining One.
  5144 | D:5      | Reached skill level 6 in Long Blades
  5152 | D:5      | Reached skill level 5 in Spellcasting
  5448 | D:5      | HP: 26/55 [steam dragon (5)]
  5452 | D:5      | Reached skill level 3 in Fighting
  5999 | D:6      | Reached * piety under Hepliaklqana
  6053 | D:6      | Reached skill level 4 in Fighting
  6202 | D:6      | Found a shimmering altar of Xom.
  6392 | D:6      | Reached skill level 6 in Spellcasting
  6392 | D:6      | Reached XP level 9. HP: 51/56 MP: 0/0
  6392 | D:6      | Learned a level 4 spell: Animate Armour
  6528 | D:6      | Found the +7 Throatcutter {drain, coup de grace}
  6539 | D:6      | sleeves: ??throatcutter
  6539 | D:6      | beem: throatcutter[1/1]: Unrand +7 draining long sword that
                  | has a 1/3 chance to instakill any enemy that's <= 20 hp. More common early-game. New in 0.28. >
                  | ERROR: string above had unterminated tag
  7021 | D:6      | Reached skill level 5 in Fighting
  7023 | D:6      | Reached ** piety under Hepliaklqana
  7081 | D:7      | Found a sand-covered staircase.
  7111 | D:7      | Found an opulent altar of Gozag.
  7138 | Ossuary  | Entered an ossuary
  7582 | D:7      | Noticed a troll
  7593 | D:7      | Killed a troll
  7594 | D:7      | Reached skill level 6 in Fighting
  7594 | D:7      | Reached skill level 7 in Long Blades
  7723 | D:7      | HP: 27/59 [centaur/arrow (8)]
  7731 | D:7      | HP: 23/59 [crimson imp (3)]
  7887 | D:7      | Noticed Menkaure
  7894 | D:7      | Killed Menkaure
  7895 | D:7      | Reached XP level 10. HP: 53/65 MP: 0/0
  7949 | D:7      | Found a sacrificial altar of Ru.
  7994 | D:7      | Noticed Prince Ribbit
  8000 | D:7      | HP: 30/65 [Prince Ribbit (14)]
  8013 | D:7      | Killed Prince Ribbit
  8014 | D:7      | Reached skill level 7 in Spellcasting
  8202 | D:7      | Found a white marble altar of Elyvilon.
  8383 | D:7      | Identified the +2 whip of Defiance {chaos, Int+7 Dex+3}
  8548 | D:7      | Remembered your ancestor Servius as a battlemage
  8689 | D:8      | Reached *** piety under Hepliaklqana
  8716 | D:8      | Found Loex's Magic Scroll Shop.
  8724 | D:8      | Bought a scroll of identify for 30 gold pieces
  8740 | D:8      | Reached skill level 7 in Fighting
  8823 | D:8      | Found an iron altar of Okawaru.
  8965 | D:8      | Found Zefetiej's Weapon Shop.
  9016 | D:8      | Reached skill level 8 in Long Blades
  9506 | D:9      | Noticed a deep elf pyromancer
  9510 | D:9      | Killed a deep elf pyromancer
  9548 | D:9      | Noticed a boulder beetle
  9555 | D:9      | HP: 24/68 [boulder beetle (15)]
  9557 | D:9      | Killed a boulder beetle
  9558 | D:9      | Reached skill level 8 in Fighting
  9560 | D:9      | HP: 31/68 [kobold brigand/+0 short sword (3)]
  9729 | D:9      | Found a flagged portal.
  9735 | Bailey   | Entered a bailey
  9756 | Bailey   | HP: 32/68 [electric eel/bolt of electricity (14)]
  9889 | Bailey   | HP: 32/68 [electric eel/bolt of electricity (9)]
 10119 | Bailey   | Noticed an orc sorcerer
 10128 | Bailey   | Killed an orc sorcerer
 10129 | Bailey   | Reached skill level 8 in Spellcasting
 10129 | Bailey   | Reached XP level 11. HP: 58/73 MP: 0/0
 10129 | Bailey   | Learned a level 5 spell: Lee's Rapid Deconstruction
 10492 | Bailey   | Reached skill level 9 in Long Blades
 10730 | Bailey   | Found an iron altar of Okawaru.
 10730 | Bailey   | Noticed an orc high priest
 10732 | Bailey   | Noticed a sixfirhy
 10736 | Bailey   | HP: 32/73 [sixfirhy[an orc high priest] (11)]
 10736 | Bailey   | HP: 8/73 [sixfirhy[an orc high priest] (9)]
 11124 | Bailey   | Killed an orc high priest
 11125 | Bailey   | Reached skill level 9 in Fighting
 11184 | Bailey   | Identified the +10 bardiche of the Sugar Beet {vorpal,
                  | Dex+2}
 11403 | D:9      | HP: 33/75 [yak (11)]
 11453 | D:9      | Identified the +6 quarterstaff of Agofrec {drain, Stlth+}
 11459 | D:9      | HP: 30/75 [centaur/the +6 quarterstaff of Agofrec {drain,
                  | Stlth+} (11)]
 11834 | D:9      | HP: 33/75 [orc warrior/boomerang (5)]
 12136 | D:9      | Found a broken altar of Ashenzari.
 12314 | D:9      | sleeves: ??manifold assauly
 12314 | D:9      | beem: manifold assauly ~ manifold assault[1/2]: L5
                  | Translocations spell that attacks 2-4 random hostile
                  | monsters in LOS using your current melee attack. In 0.30,
                  | instead a L4 spell, and hits half as many targets if used
                  | with UC.
 12314 | D:9      | sleeves: ??manifold assault[2]
 12314 | D:9      | beem: manifold assault[2/2]: The delay of the action is the
                  | same as your weapon delay. Spellpower increases the number
                  | of attacks. Certain unrands with AOE that require prompting
                  | don't work with this spell. Added in 0.27.
 12409 | D:10     | Entered Level 10 of the Dungeon
 12447 | D:10     | Reached **** piety under Hepliaklqana
 12545 | D:10     | Identified the +1 scimitar "Ituqakhayga" {freeze, rN+
                  | Dex+2}
 13019 | D:10     | Found a staircase to the Lair.
 13041 | D:10     | Reached skill level 10 in Long Blades
 13041 | D:10     | Reached skill level 9 in Spellcasting
 13334 | D:10     | Reached XP level 12. HP: 59/81 MP: 0/0
 13812 | D:11     | Reached skill level 10 in Fighting
 13871 | D:11     | Noticed a boulder beetle
 13890 | D:11     | Killed a boulder beetle
 14604 | D:11     | HP: 21/82 [cyclops/large rock (26)]
 15301 | D:11     | Found a staircase to the Orcish Mines.
 15793 | Lair:1   | Entered Level 1 of the Lair of Beasts
 15845 | Lair:1   | Identified the +4 ring mail of the Foremost Places {rPois}
 16218 | Lair:1   | Reached skill level 11 in Fighting
 16218 | Lair:1   | Reached skill level 11 in Long Blades
 16221 | Lair:1   | HP: 42/84 [water moccasin (2)]
 16560 | Lair:1   | Noticed Gastronok
 16637 | Lair:1   | Killed Gastronok
 16638 | Lair:1   | Reached skill level 10 in Spellcasting
 16789 | Lair:1   | Reached XP level 13. HP: 72/89 MP: 0/0
 16789 | Lair:1   | Learned a level 5 spell: Irradiate
 16963 | Lair:1   | Reached ***** piety under Hepliaklqana
 17490 | Lair:2   | Reached skill level 2 in Armour
 17634 | Lair:2   | Noticed Fannar
 17948 | Lair:2   | Found a staircase to the Snake Pit.
 18020 | Lair:2   | Noticed an eight-headed hydra
 18047 | Lair:2   | Killed an 18-headed hydra
 18241 | Lair:2   | Reached skill level 3 in Armour
 18346 | Lair:2   | Found a staircase to the Swamp.
 18451 | Lair:2   | Reached skill level 12 in Fighting
 18645 | Lair:2   | Killed Fannar
 18646 | Lair:2   | Reached skill level 4 in Armour
 18886 | Lair:2   | Noticed a seven-headed hydra
 18896 | Lair:2   | Killed a seven-headed hydra
 19201 | Lair:3   | HP: 45/91 [yak (6)]
 19201 | Lair:3   | Noticed a six-headed hydra
 19207 | Lair:3   | HP: 35/91 [yak (12)]
 19401 | Lair:3   | Noticed an eight-headed hydra
 19407 | Lair:3   | Killed an eight-headed hydra
 19501 | Lair:3   | Reached skill level 5 in Armour
 19721 | Lair:3   | Reached skill level 11 in Spellcasting
 20090 | Lair:3   | Reached XP level 14. HP: 86/97 MP: 0/0
 20294 | Lair:3   | Reached skill level 6 in Armour
 21002 | Lair:4   | Reached skill level 13 in Fighting
 21882 | Lair:4   | Reached skill level 7 in Armour
 22231 | Lair:5   | Entered Level 5 of the Lair of Beasts
 22253 | Lair:5   | Reached skill level 1 in Invocations
 22776 | Lair:5   | Reached skill level 2 in Invocations
 23348 | Lair:5   | HP: 48/99 [death yak (2)]
 23481 | Lair:5   | Reached skill level 8 in Armour
 23481 | Lair:5   | Reached skill level 3 in Invocations
 23489 | Lair:5   | HP: 36/99 [something/blast of calcifying dust (10)]
 23495 | Lair:5   | HP: 21/99 [something/blast of calcifying dust (4)]
 23861 | Lair:5   | HP: 47/99 [death yak (3)]
 23863 | Lair:5   | Reached XP level 15. HP: 50/104 MP: 0/0
 23863 | Lair:5   | Learned a level 6 spell: Statue Form
 24073 | Lair:5   | Reached skill level 14 in Fighting
 24081 | Lair:5   | Reached skill level 4 in Invocations
 24209 | Lair:5   | Reached skill level 12 in Spellcasting
 24271 | Lair:5   | Found a corrupted altar of Lugonu.
 24271 | Lair:5   | Found a one-way gate to the infinite horrors of the Abyss.
 24565 | Lair:5   | HP: 49/105 [death yak (12)]
 24754 | Lair:5   | Reached ****** piety under Hepliaklqana
 24808 | Lair:5   | Found a viscous altar of Jiyva.
 24810 | Lair:5   | Found a staircase to the Slime Pits.
 25457 | Orc:1    | Entered Level 1 of the Orcish Mines
 25571 | Orc:1    | Reached skill level 5 in Invocations
 25776 | Orc:1    | Reached skill level 9 in Armour
 26282 | Orc:2    | Entered Level 2 of the Orcish Mines
 26375 | Orc:2    | HP: 68/137 [two-headed ogre/+0 giant club (9)]
 26383 | Orc:1    | HP: 45/137 [two-headed ogre/+0 giant club (11)]
 26759 | Orc:2    | Found a staircase to the Elven Halls.
 27018 | Orc:2    | Reached skill level 6 in Invocations
 27729 | Orc:2    | Found Emopiw's Weapon Shoppe.
 28046 | Orc:2    | Found Xeawutsi's Jewellery Emporium.
 28046 | Orc:2    | Found Kaefyen's Armour Boutique.
 28047 | Orc:2    | Found Pacoynij's General Store.
 28047 | Orc:2    | Found Ipiqisaa's Magic Scroll Emporium.
 28187 | Orc:2    | Bought the +2 shield of Resistance {rF++ rC++ Will++} for
                  | 1057 gold pieces
 28187 | Orc:2    | Found the +2 shield of Resistance {rF++ rC++ Will++}
 28500 | D:12     | Noticed Josephine
 28504 | D:12     | Killed Josephine
 28505 | D:12     | Reached skill level 1 in Shields
 28784 | D:12     | Reached XP level 16. HP: 92/111 MP: 0/0
 29204 | D:12     | Reached skill level 10 in Armour
 29319 | D:12     | Noticed Kirke
 29325 | D:12     | Killed Kirke
 29326 | D:12     | Reached skill level 2 in Shields
 29628 | D:13     | Reached skill level 15 in Fighting
 29702 | D:13     | Noticed Rupert
 29719 | D:13     | Reached skill level 7 in Invocations
 30017 | D:13     | Reached skill level 3 in Shields
 30247 | D:13     | Found a gate to the Vaults.
 30573 | D:13     | Killed Rupert
 30689 | D:13     | Found a portal to a secret trove of treasure.
 30729 | D:14     | Noticed Louise
 30735 | D:14     | HP: 41/113 [Louise/bolt of lightning (27)]
 30735 | D:14     | HP: 19/113 [Louise/bolt of lightning (22)]
 30735 | D:14     | Killed Louise
 31002 | D:14     | Reached skill level 4 in Shields
 31127 | D:14     | You are sucked into a shaft and drop 1 floor!
 31127 | D:15     | Entered Level 15 of the Dungeon
 31360 | D:15     | Reached skill level 13 in Spellcasting
 31373 | D:15     | Reached skill level 8 in Invocations
 31409 | D:15     | HP: 37/113 [centaur warrior/arrow (13)]
 31919 | D:15     | Found a hazy altar of Hepliaklqana.
 32219 | D:15     | Reached skill level 5 in Shields
 32275 | D:15     | Found a staircase to the Depths.
 33208 | D:14     | Reached skill level 9 in Invocations
 33211 | D:14     | Reached skill level 6 in Shields
 33788 | D:14     | Reached XP level 17. HP: 103/117 MP: 0/0
 33788 | D:14     | Learned a level 7 spell: Summon Hydra
 34422 | Snake:1  | Entered Level 1 of the Snake Pit
 34422 | Snake:1  | Noticed Frances
 34433 | Snake:1  | Killed Frances
 34442 | Snake:1  | HP: 74/152 [black mamba[a naga ritualist] (9)]
 34448 | Snake:1  | HP: 37/152 [black mamba[a naga ritualist] (8)]
 34822 | Snake:1  | Found Vagaod's Book Shoppe.
 34822 | Snake:1  | Found Viwec's Jewellery Shop.
 34823 | Snake:1  | Found Toasitist's Book Shoppe.
 35233 | Snake:1  | Reached skill level 7 in Shields
 35387 | Snake:1  | Found Suell's Book Boutique.
 35716 | Snake:1  | HP: 49/117 [naga sharpshooter/arrow (11)]
 35935 | Snake:1  | Reached skill level 10 in Invocations
 36026 | Snake:1  | Identified the +4 shortbow "Elamuoqink" {freeze, MP+9}
 36216 | Snake:1  | Found the +18 shield of the Gong {rElec rN+ Will+ EV-5}
 36316 | Snake:2  | Found a flickering gateway to a bazaar.
 36334 | Bazaar   | Entered a bazaar
 36381 | Bazaar   | Found Xutzuopt's Assorted Antiques.
 36405 | Bazaar   | Found Vosanaumm's Antique Armour Emporium.
 36426 | Bazaar   | Found Zaymytit's Book Boutique.
 36446 | Bazaar   | Found Keopucrad's Antique Weapon Shoppe.
 36488 | Bazaar   | Bought a pitted ring mail for 180 gold pieces
 36488 | Bazaar   | Identified the +8 ring mail of Absence {*Corrode rElec rC+}
                  | (You bought it in a shop in a bazaar)
 36499 | Bazaar   | Bought a steaming ring mail for 180 gold pieces
 36499 | Bazaar   | Identified the +9 ring mail "Lisihath" {rElec rC+ Int+4}
                  | (You bought it in a shop in a bazaar)
 37024 | Snake:2  | HP: 68/152 [black mamba[a naga ritualist] (11)]
 37246 | Snake:2  | Reached skill level 8 in Shields
 37775 | Snake:3  | Reached skill level 14 in Spellcasting
 38014 | Snake:3  | Found a runed translucent door.
 38014 | Snake:3  | Noticed Zicwidai's ghost (journeyman DsFE)
 38291 | Snake:3  | Reached skill level 12 in Long Blades
 38436 | Snake:3  | Found Xeasiun's Jewellery Shop.
 38525 | Snake:3  | Reached skill level 9 in Shields
 38923 | Snake:3  | Reached XP level 18. HP: 104/124 MP: 0/0
 39155 | Snake:3  | HP: 50/124 [salamander tyrant (22)]
 39170 | Snake:3  | HP: 44/124 [black mamba (1)]
 40136 | Snake:4  | Entered Level 4 of the Snake Pit
 40136 | Snake:4  | Noticed Bai Suzhen
 40891 | Snake:4  | Reached skill level 10 in Shields
 41907 | Snake:4  | Found Uwegeerph's Antique Weapon Shop.
 42042 | Snake:4  | Killed Bai Suzhen
 42043 | Snake:4  | Reached skill level 13 in Long Blades
 43278 | Snake:4  | Reached skill level 11 in Shields
 43318 | Snake:4  | HP: 52/124 [naga sharpshooter/arrow (3)]
 43555 | Snake:4  | Reached skill level 15 in Spellcasting
 43579 | Snake:4  | Reached XP level 19. HP: 67/128 MP: 0/0
 43579 | Snake:4  | Learned a level 7 spell: Orb of Destruction
 43898 | Snake:4  | Got a serpentine rune of Zot
 44063 | Swamp:1  | Entered Level 1 of the Swamp
 44101 | Swamp:1  | Identified the +6 dagger of Causality {vorpal, Int+7}
 44639 | Swamp:1  | HP: 82/166 [goliath frog (6)]
 45689 | Swamp:2  | Reached skill level 14 in Long Blades
 45723 | Swamp:2  | HP: 77/166 [ghoul (10)]
 45729 | Swamp:2  | HP: 76/166 [ghoul (4)]
 45734 | Swamp:2  | HP: 39/166 [ghoul (15)]
 45736 | Swamp:2  | HP: 6/166 [ghoul (14)]
 45738 | Swamp:2  | Reached skill level 12 in Shields
 47342 | Swamp:2  | Noticed a tentacled monstrosity
 47347 | Swamp:2  | Killed a tentacled monstrosity
 48479 | Swamp:3  | Found a sparkling altar of Nemelex Xobeh.
 48706 | Swamp:3  | Reached skill level 13 in Shields
 48863 | Swamp:4  | Entered Level 4 of the Swamp
 49113 | Swamp:4  | Noticed a tentacled monstrosity
 49126 | Swamp:4  | Killed a tentacled monstrosity
 49302 | Swamp:4  | Noticed a tentacled monstrosity
 49308 | Swamp:4  | Killed a tentacled monstrosity
 49309 | Swamp:4  | Reached skill level 16 in Spellcasting
 49310 | Swamp:4  | Reached XP level 20. HP: 92/134 MP: 0/0
 49943 | Swamp:4  | HP: 61/134 [something (21)]
 50277 | Swamp:4  | Found a runed translucent door.
 50277 | Swamp:4  | Noticed HypermagicGuardian's ghost (adept MiFi)
 50696 | Swamp:4  | Reached skill level 14 in Shields
 51169 | Swamp:4  | Got a decaying rune of Zot
 51448 | Swamp:4  | Killed HypermagicGuardian's ghost
 51819 | Orc:2    | Bought a scroll of blinking for 105 gold pieces
 51819 | Orc:2    | Bought a scroll of teleportation for 42 gold pieces
 51819 | Orc:2    | Bought a scroll of teleportation for 42 gold pieces
 51848 | Elf:1    | Entered Level 1 of the Elven Halls
 52335 | Elf:1    | HP: 64/134 [deep elf zephyrmancer/bolt of lightning (11)]
 52565 | Elf:1    | Found Fejij's Magic Scroll Shoppe.
 52565 | Elf:1    | Found Wuotaden's Antique Armour Emporium.
 52566 | Elf:1    | Found Muddum's Assorted Antiques.
 52568 | Elf:1    | Found Ackylex's Antique Armour Shoppe.
 52827 | Elf:1    | Reached skill level 15 in Shields
 52834 | Elf:1    | HP: 45/134 [+2 trident of venom (9)]
 52893 | Elf:1    | HP: 61/134 [deep elf zephyrmancer/bolt of lightning (8)]
 52900 | Elf:1    | HP: 54/134 [deep elf zephyrmancer/bolt of lightning (6)]
 52907 | Elf:1    | HP: 55/134 [deep elf zephyrmancer/+0 long sword (2)]
 54127 | Elf:2    | Reached skill level 17 in Spellcasting
 54249 | Elf:2    | Reached XP level 21. HP: 91/139 MP: 0/0
 54249 | Elf:2    | Learned a level 7 spell: Spellforged Servitor
 54431 | Elf:2    | Identified the +1 scale mail of Weirdness {Slay+3}
 54439 | Elf:2    | Paralysed by an air elemental for 1 turns
 55204 | Elf:2    | Found a runed translucent gate.
 55205 | Elf:2    | Found a runed translucent gate.
 55205 | Elf:2    | Found a runed translucent gate.
 55536 | Elf:2    | Reached skill level 16 in Shields
 56476 | Elf:3    | Entered Level 3 of the Elven Halls
 56891 | Elf:3    | Paralysed by an air elemental for 1 turns
 57245 | Elf:3    | HP: 59/139 [deep elf zephyrmancer/bolt of lightning (8)]
 57851 | Elf:3    | HP: 62/139 [deep elf pyromancer/bolt of fire (5)]
 58160 | Elf:3    | Noticed Aizul
 58173 | Elf:3    | Killed Aizul
 58524 | Elf:3    | HP: 56/139 [deep elf high priest/divine providence (15)]
 58525 | Elf:3    | HP: 24/139 [deep elf high priest/damnation (28)]
 58536 | Elf:3    | Reached skill level 17 in Shields
 59146 | Elf:3    | Identified the +2 battleaxe "Huanodoe" {pain, rN+ Dex+3}
 59163 | Elf:3    | Reached skill level 18 in Spellcasting
 59341 | Elf:3    | HP: 44/139 [deep elf master archer/arrow (28)]
 59792 | Elf:3    | Reached XP level 22. HP: 115/144 MP: 0/0
 59975 | Elf:3    | Identified the +3 whip "Qeweal" {elec, rElec}
 60183 | Elf:1    | Bought a scroll of acquirement for 1352 gold pieces
 60183 | Elf:1    | Acquired 934 gold pieces
 60185 | Elf:1    | Acquired the +2 Maxwell's thermic engine {flame, freeze}
 60185 | Elf:1    | Found the +2 Maxwell's thermic engine {flame, freeze}
 60197 | Elf:1    | Bought a pair of glowing gloves for 180 gold pieces
 60197 | Elf:1    | Bought a glowing cloak for 180 gold pieces
 60223 | Elf:1    | Bought a scroll of blinking for 135 gold pieces
 60223 | Elf:1    | Bought a scroll of teleportation for 54 gold pieces
 60393 | Vaults:1 | Entered Level 1 of the Vaults
 60405 | Vaults:1 | Identified the +9 shortbow of World Downfall {flame, rElec
                  | rC+ rN+ Str-2}
 60472 | Vaults:1 | sleeves: ??maxwells thermic
 60472 | Vaults:1 | beem: I don't have a page labeled maxwells_thermic in my
                  | learndb.
 60472 | Vaults:1 | sleeves: ??maxwells thermic engine
 60472 | Vaults:1 | beem: maxwells thermic engine ~ Maxwell's thermic
                  | engine[1/1]: A double sword with double the usual number of
                  | brands, applying freezing and flaming brands to its
                  | unfortunate victims. The engine revs up with each swing
                  | taken, intensifying from +2 to +14.
 60795 | Vaults:1 | Noticed Asterion
 60799 | Vaults:1 | Killed Asterion
 61305 | Vaults:1 | Identified the +10 flail of Triumph {freeze, Fly rPois
                  | Str+3 SInv}
 61584 | Vaults:1 | Reached skill level 18 in Shields
 63529 | Vaults:2 | Noticed Margery
 63538 | Vaults:2 | Killed Margery
 63786 | Vaults:2 | Reached skill level 16 in Fighting
 63956 | Vaults:2 | Noticed Saint Roka
 63957 | Vaults:2 | Reached skill level 19 in Spellcasting
 63962 | Vaults:2 | HP: 72/147 [Saint Roka/divine providence (12)]
 64200 | Vaults:2 | Killed Saint Roka
 64201 | Vaults:2 | Reached XP level 23. HP: 72/152 MP: 0/0
 64201 | Vaults:2 | Learned a level 8 spell: Necromutation
 65426 | Vaults:3 | HP: 72/153 [dire elephant (29)]
 66061 | Vaults:3 | Reached skill level 17 in Fighting
 66359 | Vaults:3 | Found a staircase to the Crypt.
 66603 | Vaults:3 | Found Heoriq's Armour Boutique.
 70004 | Snake:3  | Bought the ring of Ynamp {rF+ rN+ Int+6} for 650 gold
                  | pieces
 70418 | Crypt:1  | Entered Level 1 of the Crypt
 71050 | Crypt:1  | Reached skill level 18 in Fighting
 71203 | Crypt:1  | HP: 74/157 [ancient champion/+0 great mace (20)]
 71206 | Crypt:1  | Reached skill level 20 in Spellcasting
 71429 | Crypt:1  | Reached XP level 24. HP: 122/162 MP: 0/0
 71711 | Crypt:1  | Reached skill level 3 in Dodging
 71722 | Crypt:1  | HP: 68/163 [jiangshi[a vampire mage] (13)]
 71737 | Crypt:1  | HP: 32/163 [??? (23)]
 72046 | Crypt:1  | Reached skill level 11 in Invocations
 72290 | Crypt:1  | Reached skill level 4 in Dodging
 73021 | Crypt:2  | Reached skill level 5 in Dodging
 73225 | Crypt:2  | Found a transporter.
 73459 | Crypt:2  | Reached skill level 12 in Invocations
 73707 | Crypt:2  | Found a transporter.
 74312 | Crypt:2  | Noticed an ancient lich
 74314 | Crypt:2  | Noticed a dread lich
 74325 | Crypt:2  | Reached skill level 6 in Dodging
 74521 | Crypt:3  | Entered Level 3 of the Crypt
 75042 | Crypt:3  | Reached skill level 13 in Invocations
 75246 | Crypt:3  | Found a basalt altar of Yredelemnul.
 75255 | Crypt:3  | Reached skill level 7 in Dodging
 75460 | Crypt:3  | Reached skill level 19 in Fighting
 76303 | Crypt:3  | Reached skill level 8 in Dodging
 76340 | Crypt:3  | Reached skill level 14 in Invocations
 76690 | Crypt:3  | Found a staircase to the Tomb.
 76690 | Crypt:3  | Noticed Khufu
 76697 | Crypt:3  | Killed Khufu
 76698 | Crypt:3  | Reached XP level 25. HP: 121/171 MP: 0/0
 76698 | Crypt:3  | Learned a level 8 spell: Disjunction
 77683 | Slime:1  | Entered Level 1 of the Pits of Slime
 78115 | Slime:2  | Reached skill level 9 in Dodging
 78408 | Slime:1  | HP: 72/171 [rockslime (12)]
 78414 | Slime:1  | HP: 73/171 [acid (1)]
 78682 | Slime:1  | Reached skill level 15 in Invocations
 80404 | Slime:4  | Reached skill level 10 in Dodging
 80718 | Slime:5  | Entered Level 5 of the Pits of Slime
 81405 | Slime:5  | Reached skill level 20 in Fighting
 81809 | Slime:5  | Noticed the Royal Jelly
 81811 | Slime:5  | Reached skill level 15 in Long Blades
 81916 | Slime:5  | Found a viscous altar of Jiyva.
 81941 | Slime:5  | Found the +3 Mad Mage's Maulers {Infuse+∞ RegenMP Int-3}
 81978 | Slime:5  | HP: 77/173 [acid blob/splash of acid[the Royal Jelly] (10)]
 82009 | Slime:5  | Killed the Royal Jelly
 82010 | Slime:5  | Reached skill level 11 in Dodging
 82608 | Slime:5  | Identified the +5 flail of Tomorrow {flame, rElec Str+4
                  | Dex+4}
 82649 | Slime:5  | Identified the +3 rapier of Kufathroth {drain, rPois}
 82651 | Slime:5  | Identified the +1 robe "Ellolumo" {rCorr Str+4 Dex+6}
 82660 | Slime:5  | Got a slimy rune of Zot
 83179 | Vaults:5 | Entered Level 5 of the Vaults
 83185 | Vaults:5 | HP: 85/173 [spore (3)]
 83186 | Vaults:5 | Reached skill level 12 in Dodging
 83186 | Vaults:5 | Reached XP level 26. HP: 87/180 MP: 0/0
 83401 | Vaults:5 | HP: 80/180 [sphinx/divine providence (11)]
 83856 | Vaults:4 | Reached skill level 16 in Long Blades
 83861 | Vaults:4 | Reached skill level 13 in Dodging
 84192 | Vaults:4 | HP: 86/180 [iron dragon (11)]
 84412 | Vaults:5 | Identified the amulet "Tenoaluc" {Faith rElec rC+ rCorr
                  | Int-2}
 84432 | Vaults:5 | Reached skill level 14 in Dodging
 84435 | Vaults:5 | HP: 87/180 [frost giant/bolt of cold (5)]
 84692 | Vaults:5 | Identified the +4 scale mail of Sudipni {Rampage rElec}
 85100 | Vaults:5 | Identified the +1 robe of the Foremost Friends {+Blink rC+}
 85105 | Vaults:5 | Reached skill level 15 in Dodging
 85136 | Vaults:5 | Identified the ring "Cesokh" {MP+9 Dex+4}
 86080 | Vaults:5 | Got a silver rune of Zot
 86826 | Vaults:5 | Identified the +4 hand axe "Unoof" {vorpal, rPois rF- rC+}
 86959 | Vaults:5 | Identified the ring "Nyxzioni" {Fly rElec rF- Int+3}
 87277 | Depths:1 | Entered Level 1 of the Depths
 87291 | Depths:1 | HP: 89/180 [stone giant/large rock (18)]
 88089 | Depths:1 | Reached XP level 27. HP: 109/186 MP: 0/0
 88089 | Depths:1 | Learned a level 9 spell: Chain Lightning
 88507 | Depths:1 | Found a gateway to Hell.
 88607 | Depths:1 | Found Opeweduy's General Store.
 88761 | Depths:1 | Found a one-way gate leading to the halls of Pandemonium.
 89863 | Depths:2 | Noticed a juggernaut
 89865 | Depths:2 | HP: 89/186 [juggernaut (64)]
 89870 | Depths:2 | Killed a juggernaut
 89871 | Depths:2 | Reached skill level 19 in Shields
 90231 | Depths:2 | Noticed Lusuiz's ghost (adept SpAK)
 90241 | Depths:2 | Found a runed translucent gate.
 90241 | Depths:2 | Found a runed translucent gate.
 90631 | Depths:2 | Found a runed translucent gate.
 91765 | Depths:3 | Reached skill level 21 in Fighting
 92180 | Depths:3 | Found a transporter.
 92502 | Depths:3 | Found a transporter.
 92502 | Depths:3 | Noticed a dread lich
 92504 | Depths:3 | Noticed Lidodu's ghost (adept DDFi)
 92559 | Depths:3 | Found an ornate altar of the Wu Jian Council.
 93509 | Depths:3 | Found Big Baal Hell's Store.
 93966 | Depths:3 | Found Joyghumu's General Store.
 94116 | Depths:4 | Entered Level 4 of the Depths
 94218 | Depths:4 | Noticed a juggernaut
 94225 | Depths:4 | Killed a juggernaut
 94621 | Depths:4 | Found a one-way gateway to a ziggurat.
 94640 | Depths:4 | HP: 73/189 [daeva/divine providence (9)]
 95061 | Depths:4 | Noticed a juggernaut
 95064 | Depths:4 | Killed a juggernaut
 95065 | Depths:4 | Reached skill level 21 in Spellcasting
 95069 | Depths:4 | Reached skill level 20 in Shields
 95972 | Depths:4 | Found a gate to the Realm of Zot.
 96497 | Snake:1  | Bought a manual of Stealth for 1440 gold pieces
 96733 | D:8      | Bought a scroll of blinking for 112 gold pieces
 96733 | D:8      | Bought a scroll of teleportation for 45 gold pieces
 96966 | Depths:3 | Bought a scroll of teleportation for 60 gold pieces
 96966 | Depths:3 | Bought a scroll of blinking for 150 gold pieces
 96966 | Depths:3 | Bought a scroll of magic mapping for 150 gold pieces
 97171 | Orc:2    | Bought a scroll of magic mapping for 105 gold pieces
 97171 | Orc:2    | Bought a scroll of enchant weapon for 105 gold pieces
 97289 | D:13     | You paid a toll of 12 potions of heal wounds to enter a
                  | treasure trove
 97290 | Trove    | Entered a treasure trove
 97297 | Trove    | Identified the -1 cloak of Eteitol {Rampage Dex+5}
 97304 | Trove    | Identified the amulet of Licoeq {Reflect rC+ SH+5}
 97311 | Trove    | Identified the +0 pair of gloves "Qomuh" {Dex+3 Slay+2}
 97325 | Trove    | Identified the amulet of Ignis's Benevolence {Acrobat
                  | Fragile Fly rElec rC+++}
 97333 | Trove    | Identified the amulet of Uskayaw's Indignation {Acrobat
                  | Drain +Inv rPois Dex+4}
 97507 | Depths:3 | Voluntarily entered the Abyss.
 97713 | Abyss:1  | Reached skill level 1 in Stealth
 97738 | Abyss:1  | HP: 63/189 [lurking horror (48)]
 97876 | Abyss:1  | Reached skill level 2 in Stealth
 97997 | Abyss:1  | Reached skill level 3 in Stealth
 98277 | Abyss:1  | HP: 92/189 [starcursed mass/accursed screaming (9)]
 98284 | Abyss:1  | Reached skill level 4 in Stealth
 98358 | Abyss:1  | Reached skill level 22 in Fighting
 98711 | Abyss:3  | Found a corrupted altar of Lugonu.
 98896 | Abyss:3  | Reached skill level 5 in Stealth
 99043 | Abyss:3  | HP: 83/189 [something (26)]
 99145 | Abyss:3  | Reached skill level 6 in Stealth
 99459 | Abyss:3  | Reached skill level 7 in Stealth
 99631 | Abyss:3  | HP: 68/190 [disintegration (98)]
 99721 | Abyss:3  | Noticed a dread lich
 99735 | Depths:3 | Escaped the Abyss
 99914 | Depths:3 | Voluntarily entered the Abyss.
 99917 | Abyss:3  | Found a corrupted altar of Lugonu.
 99958 | Abyss:3  | Killed a dread lich
 99959 | Abyss:3  | Reached skill level 8 in Stealth
100212 | Abyss:3  | HP: 93/191 [starcursed mass/accursed screaming (9)]
100214 | Abyss:3  | Paralysed by accursed screaming for 1 turns
100216 | Abyss:3  | Got an abyssal rune of Zot
100218 | Abyss:3  | HP: 58/191 [starcursed mass/accursed screaming (12)]
100219 | Depths:3 | Escaped the Abyss
100572 | Zot:1    | Entered Level 1 of the Realm of Zot
100573 | Zot:1    | Noticed an orb of fire
100577 | Zot:1    | Reached skill level 9 in Stealth
100578 | Zot:1    | Gained mutation: You are frail. (-10% HP) [an orb of fire]
101637 | Zot:1    | Gained mutation: You occasionally lose the ability to read
                  | scrolls when taking damage. [an orb of fire]
101639 | Depths:4 | HP: 70/170 [orb of fire/fireball (13)]
102076 | Depths:4 | Killed an orb of fire
102191 | Depths:4 | HP: 76/170 [quicksilver dragon/bolt of dispelling energy
                  | (22)]
102194 | Depths:4 | HP: 15/170 [quicksilver dragon (29)]
102540 | Depths:4 | Lost mutation: You occasionally lose the ability to read
                  | scrolls when taking damage. [potion of mutation]
102540 | Depths:4 | Lost mutation: You are frail. (-10% HP) [potion of
                  | mutation]
102540 | Depths:4 | Gained mutation: Your spells are a little harder to cast,
                  | but a little more powerful. [potion of mutation]
102540 | Depths:4 | Lost mutation: Your spells are a little harder to cast, but
                  | a little more powerful. [potion of mutation]
102605 | Zot:1    | HP: 54/191 [purple draconian shifter/bolt of dispelling
                  | energy[a green draconian monk] (45)]
102606 | Zot:1    | sleeves: man fuck this
102606 | Zot:1    | sleeves: 1% fail
102851 | Zot:1    | HP: 94/191 [purple draconian/bolt of dispelling energy[a
                  | green draconian monk] (33)]
102856 | Zot:1    | HP: 45/191 [white draconian/blast of cold (5)]
102860 | Zot:1    | HP: 5/191 [purple draconian shifter/bolt of dispelling
                  | energy[a green draconian monk] (34)]
102863 | Zot:1    | Reached skill level 10 in Stealth
103347 | Zot:1    | themarg: shit seems p spicy
103350 | Zot:1    | themarg: nasty solo stairs
103350 | Zot:1    | sleeves: unbelievable entrance
103357 | Zot:1    | sleeves: and literally everything that could go wrong of
                  | course does
103357 | Zot:1    | sleeves: i should be dead but got lucky
103672 | Zot:1    | themarg: I'm glad it didn't kill ya. nice job
104082 | Zot:1    | Reached skill level 23 in Fighting
104090 | Zot:1    | Reached skill level 11 in Stealth
104907 | Zot:2    | Reached skill level 22 in Spellcasting
105059 | Zot:2    | You are sucked into a shaft and drop 2 floors!
105084 | Zot:4    | Noticed a Killer Klown
105085 | Zot:4    | Identified the +2 cloak "Ciyrruc" {rC+ SInv}
105089 | Zot:4    | Noticed Gofuck's ghost (veteran DgAE)
105201 | Zot:2    | Reached skill level 12 in Stealth
106688 | Zot:3    | sleeves: honestly think that manifold assault is broken and
                  | just better than using a ranged weapon
106861 | Zot:3    | Reached skill level 13 in Stealth
107378 | Zot:3    | HP: 85/194 [torment (66)]
107683 | Zot:3    | Noticed an orb of fire
107684 | Zot:3    | themarg: seems fun. I haven't tried it
107689 | Zot:3    | Killed an orb of fire
107921 | Zot:3    | Noticed an ancient lich
107924 | Zot:3    | HP: 66/195 [ancient lich/crystal spear (86)]
107931 | Zot:3    | HP: 48/195 [shadow dragon (2)]
107953 | Zot:3    | HP: 16/192 [death cob (14)]
108684 | Zot:3    | Killed an ancient lich
109169 | Zot:3    | Noticed an orb of fire
109182 | Zot:3    | Killed an orb of fire
109347 | Zot:3    | HP: 90/195 [iron dragon/spray of metal splinters (16)]
109350 | Zot:3    | Reached skill level 24 in Fighting
110147 | Zot:3    | Noticed a dread lich
110170 | Zot:3    | Killed a dread lich
110171 | Zot:3    | Reached skill level 14 in Stealth
110325 | Zot:3    | Acquired a manual of Shields
110644 | Zot:4    | Noticed a Killer Klown
110650 | Zot:4    | Killed a Killer Klown
110742 | Zot:4    | HP: 91/196 [storm dragon/bolt of lightning (11)]
111620 | Zot:4    | Identified the +1 cloak of the Cartwright {rPois Regen+
                  | Str-2}
111670 | Zot:4    | Killed a Killer Klown
111709 | Zot:4    | HP: 92/198 [white draconian stormcaller (14)]
112021 | Zot:4    | Found a transporter.
112142 | Zot:4    | Found a transporter.
112156 | Zot:4    | Found a bloodstained altar of Trog.
112841 | Zot:5    | Entered Level 5 of the Realm of Zot
113231 | Zot:5    | Reached skill level 15 in Stealth
113365 | Zot:5    | Found a corrupted altar of Lugonu.
113384 | Zot:5    | Identified the ring "Mourph" {+Blink rN+ Will+}
113723 | Zot:5    | Reached skill level 23 in Spellcasting
113919 | Zot:5    | Noticed an ancient lich
113923 | Zot:5    | Killed an ancient lich
113924 | Zot:5    | Noticed a dread lich
113943 | Zot:5    | Killed a dread lich
113947 | Zot:5    | Killed a dread lich
114160 | Zot:5    | Reached skill level 25 in Fighting
114212 | Zot:5    | Noticed an orb of fire
114239 | Zot:5    | HP: 92/198 [orb of fire/fireball (10)]
114246 | Zot:5    | HP: 85/198 [orb of fire/fireball (9)]
114578 | Zot:5    | Killed an orb of fire
114773 | Zot:5    | Noticed a Killer Klown
114776 | Zot:5    | Noticed an ancient lich
114780 | Zot:5    | Noticed an orb of fire
114781 | Zot:5    | Noticed an orb of fire
114782 | Zot:5    | Reached skill level 21 in Shields
114783 | Zot:5    | Noticed an orb of fire
114785 | Zot:5    | Killed a Killer Klown
114786 | Zot:5    | Gained mutation: You are occasionally teleported next to
                  | monsters. [an orb of fire]
114803 | Zot:5    | Killed an ancient lich
114807 | Zot:5    | HP: 92/198 [orb of fire/bolt of fire (11)]
114814 | Zot:5    | Gained mutation: Your spells are a little easier to cast,
                  | but a little less powerful. [an orb of fire]
114820 | Zot:5    | HP: 84/198 [orb of fire/bolt of fire (5)]
114823 | Zot:5    | Killed an orb of fire
115206 | Zot:5    | Killed an orb of fire
115208 | Zot:5    | Noticed an orb of fire
115208 | Zot:5    | Noticed an orb of fire
115211 | Zot:5    | Noticed a Killer Klown
115213 | Zot:5    | HP: 93/198 [orb of fire/bolt of fire (9)]
115221 | Zot:5    | HP: 77/198 [Killer Klown/+10 club of flaming (17)]
115223 | Zot:5    | Noticed an orb of fire
115226 | Zot:5    | HP: 56/198 [orb of fire/fireball (13)]
115582 | Zot:5    | Killed an orb of fire
115622 | Zot:5    | sleeves: fuck im stupid didnt know i had teleportitis
115624 | Zot:5    | Noticed a Killer Klown
115627 | Zot:5    | Killed an orb of fire
115630 | Zot:5    | Killed an orb of fire
115631 | Zot:5    | HP: 95/198 [orb of fire/fireball (8)]
115631 | Zot:5    | Noticed an ancient lich
115633 | Zot:5    | themarg: ooph
115942 | Zot:4    | Lost mutation: Your spells are a little easier to cast, but
                  | a little less powerful. [potion of mutation]
115942 | Zot:4    | Lost mutation: You are occasionally teleported next to
                  | monsters. [potion of mutation]
115942 | Zot:4    | Gained mutation: You have a pair of small antennae on your
                  | head. [potion of mutation]
115976 | Zot:5    | Noticed an orb of fire
115990 | Zot:5    | Killed an orb of fire
115991 | Zot:5    | Reached skill level 22 in Shields
116539 | Zot:5    | Noticed an orb of fire
116545 | Zot:5    | HP: 80/198 [Orb Guardian (28)]
116547 | Zot:5    | Killed an orb of fire
116820 | Zot:5    | Killed an ancient lich
116893 | Zot:5    | Killed a Killer Klown
117027 | Zot:5    | Killed a Killer Klown
117028 | Zot:5    | Reached skill level 23 in Shields
117154 | Zot:5    | Killed an orb of fire
117430 | Zot:5    | Got the Orb of Zot
117684 | Depths:2 | Noticed Jakine the pandemonium lord
118151 | D:$      | Escaped with the Orb!

Illustrated notes

Levels and vault maps discovered:
D:1:      co_arrival_square_in_a_square_in_a_square, layout_basic,
          ebering_ecumenical_altar_ruins, serial_shops, nicolae_shop_waterfront,
          glass_columns_b, hangedman_decor_peaks_small
D:2:      layout_basic, kennysheep_cross_room
D:3:      layout_loops_ring, mainiacjoe_overflow_boulevard,
          nicolae_uskayaw_murder_on_the_dancefloor, minmay_misc_feat_tower,
          uniq_crazy_yiuf_cottage, uniq_natasha
D:4:      layout_cave_pools, bloody_makhleb, minmay_temple_entry_mini_moons,
          abandoned_shop
D:5:      layout_rooms, overflow_temple_1_default
D:6:      layout_gridville, kennysheep_little_box, kennysheep_mini
D:7:      layout_gridville, mainiacjoe_overflow_alcove_2,
          mainiacjoe_overflow_brackets, grunt_gozag_breadcrumbs,
          nicolae_ossuary_entry_ruins, uniq_menkaure, uniq_prince_ribbit1
D:8:      layout_basic, kennysheep_okawaru_gauntlet, serial_shops,
          nicolae_shop_statue_plus, shop
D:9:      layout_basic, nicolae_ashenzari_skybound, enter_bailey_3
D:10:     layout_long_grid, overflow_temple_1_default, erik_lair_dragon
D:11:     layout_long_grid, david_orc_1_choice, grunt_ministairs_4,
          david_defended_altar_orc
D:12:     layout_loops_corners, uniq_kirke, uniq_josephine
D:13:     layout_rooms, david_vaults_4, enter_trove_3, drop_trap, uniq_rupert
D:14:     layout_cave_pools, portal_ice_cave_entry_frozen_things,
          serial_column_ruins, column_ruins_open_tiny,
          column_ruins_corridor_straight, column_ruins_grid_1,
          column_ruins_open_tiny, column_ruins_open_large,
          column_ruins_columns_plus, vehumet_crystals, uniq_louise
D:15:     hangedman_depths_entry_try_elsewhere_first, layout_basic,
          nicolae_hepliaklqana_hazy_memory
Temple:   hellmonk_temple_rainy
Lair:1:   layout_chaotic_city, beast_lair_carwin_1, serial_bayou_shore_b,
          uniq_gastronok
Lair:2:   layout_roguey, palyth_hydra_swamp_entry, infiniplex_staircase_pool,
          uniq_fannar
Lair:3:   layout_cave_pods, grunt_megastairs_5
Lair:4:   layout_regular_city, serial_bayou_shore_a, grunt_megastairs_1,
          lemuel_fruit_tree, serial_bayou_shore_b
Lair:5:   hellmonk_lair_end_abyssal_woods, layout_cave_pods, slime_entry_1,
          minivault_25, minmay_lair_oklob_bushes, serial_bayou_lagoon_a
Swamp:1:  nicolae_swamp_ascending_descending_big, layout_falls_marsh,
          hangedman_swamp_ruin_wall
Swamp:2:  nzn_winding_woodlands_cross [nzn_winding_woodlands_5x15_concentric,
          nzn_winding_woodlands_5x15_pool,
          nzn_winding_woodlands_5x15_split_checker,
          nzn_winding_woodlands_5x15_sidewinder,
          nzn_winding_woodlands_15x15_thick_spiral], layout_basic_swamp,
          serial_swamp_ruin, evilmike_swamp_ruin_house_6,
          evilmike_swamp_ruin_rubble_1, swamp_pool5
Swamp:3:  layout_basic_swamp, basic_altar, nicolae_swamp_well_well_well
Swamp:4:  nzn_swamp_witches_coven, layout_basic_swamp, gammafunk_ghost_grave
Snake:1:  layout_misc_corridors, serial_shops, nicolae_shop_advertising_works
          [nicolae_subvault_shop_adworks], hangedman_corner_corridor,
          minmay_shop_grove, uniq_frances
Snake:2:  layout_onion, serial_shops, bzr_entry_lakeside
Snake:3:  layout_rooms, ebering_ghost_inner_flame,
          minmay_shop_enchanted_jewellery, nicolae_snake_storage_room
Snake:4:  grunt_snake_rune_serpentine_throne, layout_cave_town, serial_shops,
          nicolae_shop_waterfront, uniq_bai_suzhen
Slime:1:  layout_caves
Slime:2:  layout_caves
Slime:3:  layout_caves
Slime:4:  layout_caves
Slime:5
Orc:1:    layout_diamond_mine
Orc:2:    st_orc_ogre_mass, layout_diamond_mine, serial_shops,
          nicolae_diamond_shop
Elf:1:    minmay_elf_arrival_summoners, layout_gridlike, evilmike_minifort,
          fountainhead, st_stairs_12, minmay_shoptagon
Elf:2:    nicolae_elf_blades_crystal_corner, layout_loops_ring, serial_glass,
          glass_columns_b, glass_columns_b, basic_altar
Elf:3:    elf_hall_gauntlet_narrow, layout_gridlike, minivault_20,
          hellmonk_bongcloud_opening, st_stairs_11, grunt_megastairs_2,
          uniq_aizul
Vaults:1: v_misc_22, hangedman_vaults_maws, nicolae_vaults_three_branches,
          ontoclasm_vaults_gateway, vaults_room_grunt_arrival_ludios, st_check,
          v_rooms_1, hangedman_vaults_pinch, hangedman_vaults_nodes,
          nicolae_vaults_little_squares_4, nicolae_vaults_hallways_thing,
          layout_vaults_ring, uniq_asterion
Vaults:2: nicolae_vaults_angled_halls, vaults_room_grid,
          nicolae_vaults_big_angled_halls, grunt_vaults_hallway_short,
          v_rooms_6, nicolae_vaults_stairing_the_circle,
          nicolae_vaults_network_star, vaults_room_fancy_cross,
          ontoclasm_vaults_gallery, nicolae_vaults_yaktaur_gun_rack,
          v_pattern_2, layout_vaults_big_room, uniq_saint_roka, uniq_margery
Vaults:3: hangedman_vaults_stretched_pinwheel, blue_anna_dwarven_crypt,
          vaults_dpeg_emergency_exit, v_misc_12, nicolae_vaults_an_arrangement,
          nicolae_vaults_little_squares_6, nicolae_vaults_border_crossing,
          v_pattern_4, nicolae_vaults_twisting_passages, grunt_vaults_bifocal,
          v_misc_13, hangedman_vaults_trim, nicolae_vaults_circle_grid_b,
          ontoclasm_vaults_twist, vaults_room_door_ring,
          nicolae_vaults_mini_display_case, ontoclasm_vaults_loading_screen,
          layout_vaults_big_cross, serial_shops, nicolae_shop_stone
Vaults:4: hangedman_vaults_capsules, hangedman_vaults_snaps,
          vaults_room_stairs_pillars, v_alt_pattern_1,
          nicolae_vaults_angled_halls, v_misc_5, layout_vaults_omnigrid
Vaults:5
Crypt:1:  layout_chaotic_city, nicolae_crypt_cryptocurrency
Crypt:2:  gammafunk_dig_for_victory, layout_regular_city, basic_altar,
          lemuel_elevator
Crypt:3:  grunt_crypt_end_deaths_head
Depths:1: layout_forbidden_donut, grunt_metal_band, serial_shops, shop,
          rand_demon_pan_entry_4, minmay_misc_feat_hallway,
          kennysheep_generic_room_15
Depths:2: kennysheep_funnel, layout_basic, gammafunk_ghost_split,
          grunt_hell_entry_dis_mu, pan_entry,
          minmay_staircase_statues_hall_large
Depths:3: minmay_open_boxes_in_corner, layout_gridville,
          nicolae_wu_jian_wuxing_cycle, nicolae_hell_entry_big_baal_hell,
          abyss_entry, gammafunk_ghost_mausoleum, serial_shops, shop
Depths:4: evilmike_zot_entry_basic, layout_gridlike, enter_ziggurat_c,
          minmay_misc_feat_cross, abyss_entry, pf_vacation_house_of_asmodeus
Zot:1:    grunt_twist_and_shout, layout_onion_interference, uniq_josephina
Zot:2:    layout_cathedral_of_symmetry, kennysheep_underground_church
Zot:3:    hangedman_snap_crack_crunch, layout_concentric_octagons, st_stairs_7,
          hangedman_player_shredder
Zot:4:    layout_onion_interference, gammafunk_ghost_wrathful_warriors
Zot:5:    layout_gridlike, amcnicky_altar_lugonu_corruption

Skill      XL: |  1  2  3  4  5  6  7  8  9 10 11 12 13 14 15 16 17 18 19 20 21 22 23 24 25 26 27 |
---------------+----------------------------------------------------------------------------------+-----
Long Blades    | 2 3 4 5 6 7 8 10 11 12 13 14 15 16 | 16.0
Spellcasting   | 3 4 6 8 9 10 11 12 13 14 15 16 17 18 19 20 23 | 23.8
Fighting       | 4 6 8 9 11 12 13 14 15 16 18 19 20 25 | 25.0
Armour         | 5 8 9 10 | 10.0
Invocations    | 3 6 9 10 14 15 | 15.0
Shields        | 1 6 9 11 13 15 17 18 23 | 23.3
Dodging        | 8 12 15 | 15.0
Stealth        | 15 | 15.0
Throwing       | |  0.7

Action                   |  1- 3 |  4- 6 |  7- 9 | 10-12 | 13-15 | 16-18 | 19-21 | 22-24 | 25-27 || total
-------------------------+-------+-------+-------+-------+-------+-------+-------+-------+-------++-------
Melee: Falchion          |    89 |   173 |    26 |       |       |       |       |       |       ||   288
       Dagger            |       |       |    27 |       |       |       |       |       |       ||    27
       Long sword        |       |       |   131 |   264 |   702 |  1049 |  1209 |     4 |       ||  3359
       Punch             |       |       |     2 |       |     1 |       |       |       |       ||     3
       Double sword      |       |       |       |       |       |       |       |  1722 |  3737 ||  5459
Throw: Boomerang         |       |     3 |     2 |       |       |       |       |       |       ||     5
 Cast: Poisonous Vapours |       |    12 |    91 |   102 |    50 |     8 |       |       |       ||   263
       Summon Small Mamm |       |     5 |       |       |       |       |       |       |       ||     5
       Vhi's Electric Ch |       |     1 |       |     1 |       |       |       |       |       ||     2
       Blink             |       |     1 |       |       |     3 |     1 |       |       |     2 ||     7
       Searing Ray       |       |       |    17 |     6 |     2 |     1 |       |       |       ||    26
       Animate Armour    |       |       |     1 |       |     4 |       |       |       |       ||     5
       Teleport Other    |       |       |       |     2 |     5 |       |       |       |       ||     7
       Manifold Assault  |       |       |       |   125 |   436 |   564 |   705 |   884 |  1812 ||  4526
       Lee's Rapid Decon |       |       |       |       |    24 |    63 |    14 |    33 |    13 ||   147
       Irradiate         |       |       |       |       |     2 |     2 |     2 |       |       ||     6
       Statue Form       |       |       |       |       |    12 |    11 |    10 |     1 |       ||    34
       Summon Hydra      |       |       |       |       |       |       |    50 |       |    48 ||    98
       Orb of Destructio |       |       |       |       |       |       |     5 |     2 |     4 ||    11
       Necromutation     |       |       |       |       |       |       |       |     9 |    70 ||    79
       Disjunction       |       |       |       |       |       |       |       |       |    25 ||    25
       Spellforged Servi |       |       |       |       |       |       |       |       |     7 ||     7
       Chain Lightning   |       |       |       |       |       |       |       |       |     2 ||     2
Invok: Recall Ancestor   |       |       |       |     5 |     3 |    13 |    12 |     5 |    34 ||    72
       Ancestor Life: Ba |       |       |       |     1 |       |       |       |       |       ||     1
       Ancestor Identity |       |       |       |     1 |       |       |       |       |       ||     1
       Idealise          |       |       |       |       |       |     1 |     2 |     1 |     8 ||    12
 Abil: End Transformatio |       |       |       |       |       |       |       |     3 |     5 ||     8
Evoke: Wand              |       |       |     1 |     1 |       |     3 |     3 |       |     2 ||    10
       Phial of floods   |       |       |       |       |       |       |       |     1 |       ||     1
       Phantom mirror    |       |       |       |       |       |       |       |       |     2 ||     2
       Box of beasts     |       |       |       |       |       |       |       |       |     1 ||     1
       Condenser vane    |       |       |       |       |       |       |       |       |     1 ||     1
  Use: Scroll            |       |       |       |    10 |     9 |     7 |     4 |     9 |    35 ||    74
       Potion            |       |       |       |     1 |       |     2 |       |       |    23 ||    26
 Stab: Distracted        |       |       |     1 |     2 |       |     6 |     7 |     5 |    21 ||    42
       Invisible         |       |       |       |       |       |     1 |       |       |     1 ||     2
       Sleeping          |       |       |       |       |       |       |       |       |     3 ||     3
Armor: Leather armour    |    21 |    43 |     5 |       |       |       |       |       |       ||    69
       Ring mail         |       |       |    84 |    41 |    51 |    84 |    70 |    62 |   233 ||   625
       Skin              |       |       |       |       |    11 |   112 |    87 |       |       ||   210
Dodge: Dodged            |    53 |   102 |    98 |    59 |    86 |   240 |   133 |    90 |   378 ||  1239
Block: Kite shield       |       |       |       |       |       |   311 |   257 |   184 |   640 ||  1392
       Reflection        |       |       |       |       |       |       |       |       |     9 ||     9

Table legend: (Time is in decaauts)
 A = Elapsed time spent in this place.
 B = Non-inter-level travel time spent in this place.
 C = Inter-level travel time spent in this place.
 D = Time resting spent in this place.
 E = Time spent auto-exploring this place.
 F = Levels seen in this place.
 G = Mean time per level.
                   A        B        C        D        E       F      G
               +--------+--------+--------+--------+--------+-----+--------+
         Total | 117999 | 109689 |   8310 |  20929 |  74557 |  64 | 1843.7 |
       Dungeon |  23823 |  20418 |   3405 |   3334 |  14326 |  15 | 1588.2 |
        Temple |     36 |     28 |      8 |      0 |      9 |   1 |   36.0 |
          Lair |  11037 |  10167 |    870 |   1940 |   7074 |   5 | 2207.4 |
         Swamp |   6908 |   6748 |    160 |    668 |   5226 |   4 | 1727.0 |
     Snake Pit |   9562 |   8944 |    618 |   1788 |   5878 |   4 | 2390.5 |
    Slime Pits |   5036 |   4764 |    272 |   1332 |   2820 |   5 | 1007.2 |
  Orcish Mines |   2929 |   2619 |    310 |      0 |   2233 |   2 | 1464.5 |
   Elven Halls |   8348 |   7900 |    448 |   1624 |   5405 |   3 | 2782.7 |
        Vaults |  13890 |  13008 |    882 |   1787 |  10014 |   5 | 2778.0 |
         Crypt |   6570 |   6359 |    211 |    692 |   4876 |   3 | 2190.0 |
        Depths |  11446 |  10793 |    653 |   3674 |   6221 |   4 | 2861.5 |
           Zot |  13830 |  13361 |    469 |   2947 |   8788 |   5 | 2766.0 |
         Abyss |   2447 |   2447 |      0 |    394 |    950 |   4 |  611.8 |
        Bazaar |    192 |    192 |      0 |      0 |    126 |   1 |  192.0 |
         Trove |     86 |     86 |      0 |      0 |      6 |   1 |   86.0 |
       Ossuary |    353 |    353 |      0 |      0 |    204 |   1 |  353.0 |
        Bailey |   1496 |   1496 |      0 |    746 |    399 |   1 | 1496.0 |
               +--------+--------+--------+--------+--------+-----+--------+

Top non-repeatable levels by time:
Depths:4: 4952 daAuts
   Zot:4: 3700 daAuts
 Snake:4: 3353 daAuts
   Zot:3: 3336 daAuts
  Lair:2: 3307 daAuts
Vaults:3: 3207 daAuts
   Zot:5: 3171 daAuts
    D:15: 3126 daAuts
  Lair:5: 3018 daAuts
   Elf:2: 2894 daAuts
Vaults:4: 2829 daAuts
Depths:3: 2828 daAuts
   Elf:3: 2783 daAuts
 Crypt:3: 2733 daAuts
Vaults:5: 2682 daAuts
